 Dungeon Crawl Stone Soup version 0.23-a0-395-gcf17ac6 (webtiles) character file.

946564 Soeti the Imperceptible (level 27, -1/302 HPs)
             Began as a Gnoll Fighter on Oct 31, 2018.
             Was the Champion of Cheibriados.
             Slain by Diska the pandemonium lord (17 damage)
             ... on level 25 of a ziggurat on Nov 1, 2018.
             The game lasted 07:55:44 (70894 turns).

Soeti the Imperceptible (Gnoll Fighter)            Turns: 70894, Time: 07:55:45

Health: -1/302     AC: 44    Str: 43      XL:     27
Magic:  24/44      EV: 43    Int: 49 (51) God:    Cheibriados [******]
Gold:   6187       SH: 32    Dex: 37      Spells: 4/70 levels left

rFire    + + +     SeeInvis .   a - +10 broad axe "Ellehe Pezew" {freeze, rN+}
rCold    + + .     Gourm    .   q - +2 large shield of Disguise {rF++}
rNeg     + + .     Faith    .   (armour currently unavailable)
rPois    ∞         Spirit   .   K - +1 helmet {Int+3}
rElec    +         Reflect  .   N - +2 cloak of the Past {Int+3}
rCorr    .         Harm     .   (gloves currently unavailable)
MR       +++++                  (boots currently unavailable)
Stlth    ++++++++++             Q - amulet of magic regeneration
HPRegen  1.60/turn              v - ring "Xishio" {rElec rF+ rC++ Int+3 Dex+2}
MPRegen  0.54/turn              V - ring of the Mage {Wiz MR++ Int+3}

@: mighty, brilliant, agile, statue-form, very slightly contaminated,
regenerating, studying 2 skills, silenced, deflect missiles, very slow
A: distributed training, fangs 1, deterioration 1, low mp 1, magic resistance 1,
sturdy frame 1, strong nose
}: 6/15 runes: serpentine, barnacled, silver, demonic, glowing, dark
a: End Transformation, Renounce Religion


You were on level 25 of a ziggurat.
You worshipped Cheibriados.
Cheibriados was exalted by your worship.
You were hungry.
You were a stone statue.
You visited 10 branches of the dungeon, and saw 48 of its levels.
You visited Pandemonium 1 time, and saw 10 of its levels.
You visited the Abyss 1 time.
You visited 1 bazaar.
You visited 1 ziggurat, and saw 25 of its levels.
You also visited: Labyrinth, Sewer, Bailey and Desolation.

You collected 10181 gold pieces.
You spent 3994 gold pieces at shops.

Inventory:

Hand Weapons
 a - the +10 broad axe "Ellehe Pezew" (weapon) {freeze, rN+}
   (You took it off a frost giant on level 10 of the Dungeon)

   It has been specially enchanted to freeze those struck by it, causing extra
   injury to most foes and up to half again as much damage against particularly
   susceptible opponents.
   It can also slow down cold-blooded creatures.
   It protects you from negative energy.
Missiles
 o - 10 steel tomahawks (quivered)
 W - 5 throwing nets
Armour
 q - the +2 large shield of Disguise (worn) {rF++}
   (You acquired it on level 3 of the Abyss)

   It greatly protects you from fire.
 C - the +2 pair of boots of the Assassin (melded) {Detection Stab+ Stlth++}
   (You acquired it on level 4 of the Vaults)

   It makes you much more stealthy.
 G - the +8 orange crystal plate armour (melded) {Archmagi, Int+3 Clar}
   (You found it on level 20 of a ziggurat)

   It affects your intelligence (+3).
   It protects you against confusion.
 K - a +1 helmet of intelligence (worn)
 N - the +2 cloak of the Past (worn) {Int+3}
   (You found it on level 7 of a ziggurat)

   It affects your intelligence (+3).
 R - the +2 pair of gloves of Parts Unknown (melded) {*Drain rPois Dex+5}
   (You acquired it on level 11 of a ziggurat)

   It affects your dexterity (+5).
   It protects you from poison.
   It causes draining when unequipped.
Magical Staves
 b - an uncursed staff of wizardry
 u - an uncursed staff of energy
Jewellery
 v - the ring "Xishio" (left hand) {rElec rF+ rC++ Int+3 Dex+2}
   (You found it on level 5 of a ziggurat)

   [ring of dexterity]

   It affects your intelligence (+3).
   It affects your dexterity (+2).
   It protects you from fire.
   It greatly protects you from cold.
   It insulates you from electricity.
 Q - an amulet of magic regeneration (around neck)
 V - the ring of the Mage (right hand) {Wiz MR++ Int+3}
   (You took it off a merfolk impaler on level 4 of the Shoals)

   [ring of wizardry]

   It improves your spell success rate.
   It affects your intelligence (+3).
   It affects your resistance to hostile enchantments.
 Y - an uncursed ring of see invisible
Wands
 n - a wand of clouds (7)
 x - a wand of acid (52)
 P - a wand of iceblast (46)
 U - a wand of digging (19)
 X - a wand of scattershot (9)
 Z - a wand of disintegration (32)
Scrolls
 c - 6 scrolls of fog
 g - 2 scrolls of magic mapping
 j - 40 scrolls of remove curse
 l - 34 scrolls of teleportation
 m - 12 scrolls of blinking
 p - a scroll of identify
 w - 19 scrolls of amnesia
 z - 10 scrolls of immolation
 A - 9 scrolls of fear
 H - 3 scrolls of holy word
 L - 3 scrolls of summoning
 S - 4 scrolls of silence
Potions
 d - 4 potions of might
 e - 14 potions of lignification
 h - 14 potions of flight
 i - 5 potions of ambrosia
 k - 2 potions of cancellation
 s - 2 potions of brilliance
 y - 5 potions of agility
 D - 15 potions of mutation
 I - a potion of resistance
 M - 7 potions of invisibility
Books
 r - a manual of Translocations
 T - a manual of Stealth
Miscellaneous
 B - 5 phantom mirrors
 O - a crystal ball of energy
Comestibles
 f - 61 rations


   Skills:
 + Level 22.5 Fighting
 + Level 22.3 Short Blades
 + Level 22.0 Long Blades
 + Level 22.2 Axes
 + Level 22.0 Maces & Flails
 + Level 22.0 Polearms
 + Level 22.0 Staves
 + Level 22.0 Slings
 + Level 22.0 Bows
 + Level 22.3 Crossbows
 + Level 22.0 Throwing
 + Level 22.5 Armour
 + Level 22.0 Dodging
 + Level 25.6 Stealth
 + Level 22.5 Shields
 + Level 22.0 Unarmed Combat
 + Level 22.0 Spellcasting
 + Level 19.1 Conjurations
 + Level 19.1 Hexes
 + Level 19.1 Charms
 + Level 19.1 Summonings
 + Level 19.1 Necromancy
 + Level 19.1 Translocations
 + Level 19.1 Transmutations
 + Level 19.1 Fire Magic
 + Level 19.1 Ice Magic
 + Level 19.1 Air Magic
 + Level 19.1 Earth Magic
 + Level 19.1 Poison Magic
 + Level 23.5 Invocations
 + Level 22.0 Evocations


You had 4 spell levels left.
You knew the following spells:

 Your Spells              Type           Power        Failure   Level  Hunger
a - Borgnjor's Vile Clut  Necr/Erth      ########..   0%          5    None
b - Ring of Flames        Chrm/Fire      ########..   1%          7    None
c - Regeneration          Chrm/Necr      ########..   0%          3    None
d - Tornado               Air            ########..   1%          9    None
e - Statue Form           Tmut/Erth      ########.    0%          6    None
f - Aura of Abjuration    Summ           ########..   0%          5    None
g - Controlled Blink      Tloc           N/A          1%          8    None
h - Deflect Missiles      Chrm/Air       ########..   0%          6    None
j - Ignition              Fire           ########..   1%          8    None
k - Glaciate              Conj/Ice       ########..   1%          9    None

Your spell library contained the following spells:

 Spells                   Type           Power        Failure   Level  Hunger
 Animate Skeleton         Necr           N/A          0%          1    None
 Apportation              Tloc           ######       0%          1    None
 Beastly Appendage        Tmut           ######       0%          1    None
 Confusing Touch          Hex            ######       0%          1    None
 Corona                   Hex            #######      0%          1    None
 Flame Tongue             Conj/Fire      #####        0%          1    None
 Freeze                   Ice            ####         0%          1    None
 Infusion                 Chrm           ####         0%          1    None
 Magic Dart               Conj           ####         0%          1    None
 Pain                     Necr           ####         0%          1    None
 Sandblast                Erth           ######       0%          1    None
 Shock                    Conj/Air       ####         0%          1    None
 Sting                    Conj/Pois      ####         0%          1    None
 Summon Butterflies       Summ           ########     0%          1    None
 Summon Small Mammal      Summ           ####         0%          1    None
 Blink                    Tloc           N/A          0%          2    None
 Call Imp                 Summ           ########     0%          2    None
 Corpse Rot               Necr           N/A          0%          2    None
 Ensorcelled Hibernation  Hex/Ice        ######       0%          2    None
 Passwall                 Tmut/Erth      ########     0%          2    None
 Poisonous Vapours        Pois/Air       ######       0%          2    None
 Searing Ray              Conj           ######       0%          2    None
 Shroud of Golubria       Chrm/Tloc      ########..   0%          2    None
 Slow                     Hex            ########     0%          2    None
 Song of Slaying          Chrm           ########     0%          2    None
 Sticks to Snakes         Tmut           ########     0%          2    None
 Sublimation of Blood     Necr           ########..   0%          2    None
 Swiftness                Chrm/Air       ########     0%          2    None
 Throw Flame              Conj/Fire      ######       0%          2    None
 Throw Frost              Conj/Ice       ######       0%          2    None
 Call Canine Familiar     Summ           ########     0%          3    None
 Confuse                  Hex            ########     0%          3    None
 Conjure Flame            Conj/Fire      ########     0%          3    None
 Dazzling Spray           Conj/Hex       ######       0%          3    None
 Gell's Gravitas          Tloc           ########..   0%          3    None
 Ignite Poison            Fire/Tmut/Pois ########     0%          3    None
 Inner Flame              Hex/Fire       ########     0%          3    None
 Lesser Beckoning         Tloc           ########..   0%          3    None
 Mephitic Cloud           Conj/Pois/Air  ########     0%          3    None
 Ozocubu's Armour         Chrm/Ice       ########     0%          3    None
 Portal Projectile        Hex/Tloc       ######       0%          3    None
 Recall                   Summ/Tloc      N/A          0%          3    None
 Spectral Weapon          Hex/Chrm       ########     0%          3    None
 Spider Form              Tmut/Pois      ########..   0%          3    None
 Static Discharge         Conj/Air       ########     0%          3    None
 Stone Arrow              Conj/Erth      ######       0%          3    None
 Teleport Other           Tloc           ########     0%          3    None
 Tukima's Dance           Hex            ########     0%          3    None
 Vampiric Draining        Necr           ########..   0%          3    None
 Airstrike                Air            ########..   0%          4    None
 Animate Dead             Necr           N/A          0%          4    None
 Cause Fear               Hex            ########..   0%          4    None
 Force Lance              Conj/Tloc      ########     0%          4    None
 Fulminant Prism          Conj/Hex       ########..   0%          4    None
 Ice Form                 Ice/Tmut       ########     0%          4    None
 Iskenderun's Mystic Bla  Conj           ########     0%          4    None
 Leda's Liquefaction      Hex/Erth       ########..   0%          4    None
 Olgreb's Toxic Radiance  Pois           ########     0%          4    None
 Passage of Golubria      Tloc           N/A          0%          4    None
 Petrify                  Tmut/Erth      ########     0%          4    None
 Sticky Flame             Conj/Fire      ########     0%          4    None
 Summon Ice Beast         Ice/Summ       ########     0%          4    None
 Summon Lightning Spire   Summ/Air       ########     0%          4    None
 Throw Icicle             Conj/Ice       ########     0%          4    None
 Agony                    Necr           ########     0%          5    None
 Alistair's Intoxication  Tmut/Pois      ########     0%          5    None
 Blade Hands              Tmut           ########..   0%          5    None
 Bolt of Draining         Conj/Necr      ########..   0%          5    None
 Bolt of Magma            Conj/Fire/Erth ########..   0%          5    None
 Excruciating Wounds      Chrm/Necr      ########..   0%          5    None
 Fireball                 Conj/Fire      ########..   0%          5    None
 Irradiate                Conj/Tmut      ########..   0%          5    None
 Iskenderun's Battlesphe  Conj/Chrm      ########     0%          5    None
 Lee's Rapid Deconstruct  Erth           ########..   0%          5    None
 Lightning Bolt           Conj/Air       ########..   0%          5    None
 Metabolic Englaciation   Hex/Ice        ########..   0%          5    None
 Silence                  Hex/Air        ########..   0%          5    None
 Summon Demon             Summ           ########..   0%          5    None
 Summon Forest            Summ/Tloc      ########..   0%          5    None
 Summon Mana Viper        Hex/Summ       ########     0%          5    None
 Venom Bolt               Conj/Pois      ########..   0%          5    None
 Yara's Violent Unravell  Hex/Tmut       ########..   0%          5    None
 Bolt of Cold             Conj/Ice       ########..   0%          6    None
 Bolt of Fire             Conj/Fire      ########..   0%          6    None
 Conjure Ball Lightning   Conj/Air       ########..   0%          6    None
 Darkness                 Hex            ########..   0%          6    None
 Death Channel            Necr           ########..   0%          6    None
 Dispersal                Tloc           ########..   0%          6    None
 Freezing Cloud           Conj/Ice/Air   ########..   0%          6    None
 Hydra Form               Tmut           ########..   0%          6    None
 Invisibility             Hex            ########     0%          6    None
 Iron Shot                Conj/Erth      ########..   0%          6    None
 Ozocubu's Refrigeration  Ice            ########..   0%          6    None
 Poison Arrow             Conj/Pois      ########..   0%          6    None
 Shadow Creatures         Summ           N/A          0%          6    None
 Simulacrum               Ice/Necr       ########..   0%          6    None
 Dragon Form              Tmut           ########..   1%          7    None
 Malign Gateway           Summ/Tloc      ########..   1%          7    None
 Monstrous Menagerie      Summ           ########..   1%          7    None
 Orb of Destruction       Conj           ########..   1%          7    None
 Spellforged Servitor     Conj/Summ      ########..   1%          7    None
 Summon Greater Demon     Summ           ########..   1%          7    None
 Summon Hydra             Summ           ########..   1%          7    None
 Chain Lightning          Conj/Air       ########..   1%          8    None
 Discord                  Hex            ########..   1%          8    None
 Disjunction              Tloc           ########..   1%          8    None
 Lehudib's Crystal Spear  Conj/Erth      ########..   1%          8    None
 Summon Horrible Things   Summ           ########..   1%          8    None
 Fire Storm               Conj/Fire      ########..   1%          9    None
 Shatter                  Erth           ########..   1%          9    None


Dungeon Overview and Level Annotations

Branches:
Dungeon (15/15)            Temple (0/1) D:5            Lair (6/6) D:8
 Shoals (4/4) Lair:3        Snake (4/4) Lair:4        Slime (0/5) Lair:5
    Orc (2/2) D:11            Elf (3/3) Orc:2        Vaults (5/5) D:13
  Crypt (3/3) Vaults:3       Tomb (0/3) Crypt:3      Depths (5/5) D:15
   Hell (1/1)                 Dis (0/7) Hell            Geh (0/7) Hell
    Coc (0/7) Hell            Tar (0/7) Hell            Zot (0/5) Depths:5

Altars:
Ashenzari
Cheibriados
Elyvilon
Fedhas
Gozag
Hepliaklqana
Kikubaaqudgha
Makhleb
Nemelex Xobeh
Okawaru
Qazlal
Ru
Sif Muna
Trog
Vehumet
Wu Jian
Yredelemnul
Zin
Beogh
Lugonu

Shops:
D:5 (   D:8 !   D:11 (   Orc:1 *   Orc:2 [%**[*   Vaults:1 }   Vaults:3 }
Vaults:4 (   Depths:1 ?   Depths:4 ==}

Portals:
Hell: Depths:1 Depths:2 Depths:3 Depths:4 Depths:5
Abyss: Depths:1 Depths:2 Depths:3 Depths:4 Depths:5
Pandemonium: Depths:3

Annotations:
D:6 exclusion: statue
D:10 exclusion: upstairs
D:14 2 transporters, emperorscorpion's ghost, journeyman TrBe
Orc:2 3 runed doors, Velros's ghost, adept KoBe
Depths:1 1 runed door, Wisoosue's ghost, journeyman SpBe


Innate Abilities, Weirdness & Mutations

Your experience applies equally to all skills.
You have very sharp teeth.
Your uncanny sense of smell can sniff out nearby items.
((You are partially covered in iridescent scales. (AC +2)))
((You are partially covered in thin metallic scales. (AC +2)))
Your body sometimes deteriorates upon taking damage.
Your magical capacity is low. (-10% MP)
You are resistant to hostile enchantments. (MR+)
Your movements are slightly less encumbered by armour. (ER -2)


Message History

You create a blast of negative energy!
The frost giant changes into a dire elephant!
The iron troll changes into an ice dragon!
The ice beast changes into a wyvern!
The soul eater disappears in a puff of smoke!
Miaggeja hits you!!
* * * LOW HITPOINT WARNING * * *
Miaggeja burns you.
* * * LOW HITPOINT WARNING * * *
You block Diska's attack. You block Ijiag's attack. You block Boivet's attack.
The Killer Klown is engulfed in acidic fog.
The Killer Klown is splashed with acid.
The acid corrodes the Killer Klown!
Okoeh is engulfed in acidic fog.
Okoeh is splashed with acid.
The acid corrodes Okoeh!
Vithruod is engulfed in acidic fog.
Vithruod is splashed with acid.
The acid corrodes Vithruod!
The Killer Klown is engulfed in negative energy.
The Killer Klown is drained!
Miaggeja completely misses you.
The frost giant is engulfed in negative energy.
The frost giant is drained!
Diska hits you!
You die...

▓▓▓▓▓▓▓▓▓
.42c&&&8▓▓
.4t32p&&&▓
▓....
.§4§&1DpJp▓
▓.....
.§4DpY&&JC&▓
...&..
.§§344§&4t3§▓
.....p
.&G4C44l§§§§§▓
......
.§§2pp§§.§§§§§▓
......
2...5Y....p"==?
§.....
≈≈≈........[)::


You could see Boivet, Diska, Gyse, Ijiag, Lutaw, Miaggeja, Ocwuxt, Okoeh,
Paniggaf, Pukkull, Ubrol, Vithruod, 7 Killer Klowns, a Hell Sentinel, a shadow
dragon, a dire elephant shaped shifter, 2 frost giants, an ice dragon shaped
shifter, an azure jelly, a balrug, a slime creature shaped shifter, a shining
eye, 2 sun demons, 2 shadow demons, 2 orange demons, 2 apocalypse crabs, a faun
shaped shifter, a hellwing, an ice devil, 2 rust devils, a hellion, a ynoxinul,
3 chaos spawn, a red devil, a wyvern shaped shifter, a dream sheep shaped
shifter and an ufetubus.

Vanquished Creatures
  Gloorx Vloq (Pan)
  Mnoleg (Pan)
  Mennas (Depths:4)
  20 pandemonium lords
  7 ancient liches
  11 greater mummies
  2 juggernauts
  Margery (Depths:3)
  Sojobo (Depths:4)
  Saint Roka (Snake:3)
  16 Killer Klowns
  Vashnia (Snake:3)
  7 caustic shrikes
  Geryon (Hell)
  13 golden dragons
  4 profane servitors (Zig:19)
  Jory (Vaults:3)
  2 Brimstone Fiends
  6 Tzitzimimeh (Zig:19)
  The ghost of Laibby the Earth Mage, an adept OpEE of Vehumet (Vaults:4)
  2 hellephants
  7 tentacled monstrosities
  6 Hell Sentinels
  Rupert (D:15)
  6 Ice Fiends (Pan)
  7 liches
  3 quicksilver dragons
  10 titans
  9 deep elf master archers
  2 krakens
  3 deep elf blademasters
  15 sphinxes
  4 tentacled starspawn
  A sphinx (shapeshifter) (Zig:11)
  An eldritch tentacle (Pan)
  Gastronok (Lair:2)
  27 Executioners (Pan)
  3 ancient champions
  2 thorn hunters (Zig:23)
  8 tengu reavers
  Donald (Elf:1)
  A storm dragon (Depths:5)
  Kirke (Lair:4)
  10 shadow dragons
  8 draconian monks
  An imperial myrmidon (Desolation)
  A fire giant (shapeshifter) (Zig:18)
  10 nagarajas
  Roxanne (Elf:1)
  6 fire giants
  18 frost giants
  7 iron dragons
  4 orc warlords
  15 vault wardens
  A spectral juggernaut (Zig:19)
  8 draconian knights
  Louise (Elf:3)
  6 black suns
  25 cacodemons (Pan)
  4 curse skulls
  4 deep elf sorcerers
  8 balrugs
  12 draconian scorchers
  A caustic shrike zombie (Hell)
  An angel (Zig:16)
  2 warmongers
  A juggernaut zombie (Zig:24)
  5 draconian annihilators
  A deep elf elementalist (Elf:3)
  The ghost of namelastname112 the Fighter, a journeyman DrGl of Gozag (Lair:6)
  A ghoul (Crypt:1)
  A spriggan defender (Depths:4)
  22 ironheart preservers
  A caustic shrike skeleton (Zig:17)
  16 reapers
  9 draconian shifters
  9 draconian stormcallers
  7 war gargoyles
  2 entropy weavers
  A juggernaut skeleton (Zig:17)
  19 very ugly things
  8 vampire knights
  5 green draconians
  An ophan (Zig:16)
  9 blood saints
  6 black draconians
  34 stone giants
  2 bennus (Zig:17)
  11 corrupters
  16 lorocyprocas
  8 purple draconians
  7 deep elf demonologists
  A halazid warlock (Desolation)
  7 deep elf annihilators
  3 white draconians
  A dire elephant (Zig:9)
  3 red draconians
  9 spark wasps
  13 yellow draconians
  A minotaur (Lab)
  Snorg (Lair:5)
  15 green deaths
  11 ragged hierophants (Desolation)
  16 fire dragons
  17 yaktaur captains
  12 ettins
  16 merfolk javelineers
  6 eidola
  10 merfolk impalers
  23 mummy priests
  9 deep elf death magi
  14 blizzard demons
  5 crystal guardians (Desolation)
  A spectral golden dragon (Zig:19)
  6 jiangshi
  5 deep elf high priests
  26 hydras
  9 great orbs of eyes
  30 vault guards
  21 naga warriors
  6 servants of whispers (Desolation)
  9 ice dragons
  2 quicksilver dragon skeletons
  Fannar (D:11)
  2 hell beasts
  4 monstrous demonspawn (Pan)
  2 alligator snapping turtles (Shoals:4)
  2 catoblepae
  2 shambling mangroves (Zig:23)
  6 peacekeepers
  3 rakshasas
  2 ghost crabs (Zig:23)
  An anaconda (shapeshifter) (Zig:25)
  A spriggan air mage (Depths:1)
  6 merfolk avatars
  7 anacondas
  7 centaur warriors
  6 merfolk aquamancers
  10 death knights
  58 two-headed ogres
  23 dancing weapons
  6 death scarabs
  22 ogre magi
  3 thrashing horrors (Zig:16)
  11 deep troll earth magi
  9 deep troll shamans
  13 satyrs
  7 death yaks
  5 hell hogs
  4 tengu warriors
  A titan zombie (Zig:24)
  9 vampire magi
  10 shock serpents
  7 spriggan berserkers
  Urug (Lair:3)
  A spectral elf (Zig:19)
  33 naga sharpshooters
  Nergalle (D:12)
  The ghost of Ratty the Lord of Darkness, a novice DsNe of Kikubaaqudgha (D:9)
  Sonja (Lair:4)
  3 spriggans (Depths:5)
  A storm dragon zombie (Zig:24)
  15 sun demons
  3 iron golems (Hell)
  4 wretched stars
  23 deep elf knights
  2 orc high priests
  3 titan skeletons
  23 sixfirhies (Pan)
  48 soul eaters
  3 iron trolls
  2 fire crabs (Zig:4)
  14 shadow wraiths
  A fire crab (shapeshifter) (Depths:4)
  2 anaconda zombies
  41 skeletal warriors
  22 hell knights
  A golden dragon zombie (Crypt:2)
  2 sea snakes (shapeshifter)
  A spatial maelstrom (Abyss:3)
  A deep troll (shapeshifter) (Vaults:3)
  21 sea snakes
  5 salamander mystics
  3 spriggan druids
  2 storm dragon skeletons
  A death drake (shapeshifter) (Depths:4)
  8 gelid demonspawn
  7 death drakes (Zig:23)
  8 infernal demonspawn (Pan)
  5 swamp dragons
  2 unseen horrors
  4 shadow demons
  5 naga ritualists
  2 glowing orange brains
  7 torturous demonspawn (Pan)
  11 flayed ghosts
  29 deep trolls
  7 wizards
  3 orange crystal statues
  2 lindwurms (shapeshifter) (Zig:15)
  3 golden dragon skeletons
  12 necromancers
  4 anaconda skeletons
  An iron giant skeleton (Crypt:1)
  8 deep elf archers
  A swamp dragon (shapeshifter) (Vaults:5)
  2 sphinx zombies
  21 ironbrand convokers
  29 harpies
  A lindwurm (Zig:9)
  21 phantasmal warriors
  18 orc knights
  An orb spider (Zig:2)
  2 wolf spiders (Vaults:2)
  17 mana vipers
  50 ugly things
  3 stone giant zombies
  A wolf spider (shapeshifter) (Zig:18)
  An orb spider (shapeshifter) (Vaults:5)
  14 salamanders
  2 shadow dragon skeletons
  2 fire giant zombies (Hell)
  39 fauns
  A frost giant zombie (Hell)
  2 mana vipers (shapeshifter)
  A faun (shapeshifter) (Zig:15)
  6 manticores
  2 moths of wrath
  A spectral centaur (D:15)
  64 deep elf magi
  A sphinx skeleton (Zig:17)
  Joseph (D:10)
  9 orc sorcerers
  3 iron dragon skeletons
  11 cyclopes
  A worldbinder (Abyss:3)
  39 black mambas
  12 guardian serpents
  6 fire giant skeletons
  7 rust devils
  6 merfolk sirens
  2 stone giant skeletons
  A molten gargoyle (Hell)
  9 water nymphs
  8 gargoyles
  An ice statue (Hell)
  4 spriggan zombies
  13 elephants
  An eye of devastation (Pan)
  2 torpor snails (Zig:14)
  2 frost giant skeletons
  20 naga magi
  A spiny frog (shapeshifter) (Vaults:4)
  15 smoke demons
  An eye of devastation (shapeshifter) (Vaults:5)
  2 shock serpent skeletons (Crypt:2)
  9 apocalypse crabs
  13 vault sentinels
  18 orange demons
  23 spiny frogs
  3 yaktaur zombies
  7 hellions
  A pale draconian zombie (Crypt:2)
  A dire elephant skeleton (Crypt:3)
  6 spectral swamp worms (Depths:4)
  A torpor snail (shapeshifter) (Vaults:1)
  4 centaur skeletons
  59 yaktaurs
  A kobold demonologist (D:12)
  8 rime drakes
  7 tormentors
  13 komodo dragons
  A komodo dragon (shapeshifter) (Vaults:1)
  A yaktaur (shapeshifter) (Zig:11)
  13 freezing wraiths
  7 hellwings
  16 demonic crawlers (Pan)
  27 guardian mummies
  5 ice devils
  A hydra zombie (Hell)
  5 ancient zymes
  A catoblepas skeleton (Pan)
  15 red devils
  2 efreet
  A tengu conjurer (Depths:4)
  2 wind drakes (shapeshifter) (Depths:1)
  A jumping spider (shapeshifter) (Vaults:5)
  5 polar bears
  7 wind drakes
  A hornet (shapeshifter) (Vaults:2)
  2 tyrant leeches (Zig:23)
  2 harpy skeletons
  35 merfolk
  6 trolls
  42 saltlings (Desolation)
  16 hornets
  2 sphinx simulacra
  8 hydra skeletons
  An alligator zombie (Hell)
  3 bog bodies
  9 snapping turtles
  13 blink frogs
  28 slime creatures
  61 large abominations
  A raiju (Zig:16)
  15 dream sheep
  10 hippogriffs
  2 deep troll zombies (Hell)
  3 air elementals
  An alligator skeleton (Pan)
  16 flying skulls
  A centaur simulacrum (D:15)
  7 starcursed masses
  4 ettin skeletons
  4 ice dragon skeletons
  A redback (shapeshifter) (Depths:1)
  2 tarantellas (shapeshifter)
  8 wyverns
  20 water elementals
  2 fire bats (shapeshifter)
  15 ynoxinuls
  24 shadows
  17 ushabtiu
  2 fire dragon skeletons
  9 fire elementals
  7 hogs
  33 yaks
  8 wraiths
  2 humans
  2 hungry ghosts (Crypt:3)
  4 golden eyes (Pan)
  A basilisk (Lair:6)
  A golden eye (shapeshifter) (Vaults:2)
  A hog (shapeshifter) (Depths:1)
  2 elf skeletons (Zig:24)
  A human simulacrum (Vaults:1)
  8 wargs
  25 neqoxecs
  A wind drake skeleton (Crypt:1)
  2 vampire mosquitoes (Zig:23)
  32 chaos spawn
  3 acid dragons
  2 soldier ants (shapeshifter)
  70 nagas
  2 hydra simulacra (Hell)
  11 small abominations
  3 spiny frog zombies (Hell)
  A swamp worm (shapeshifter) (Zig:18)
  31 water moccasins
  A porcupine (shapeshifter) (Vaults:5)
  3 floating eyes
  A floating eye (shapeshifter) (Depths:4)
  5 hell hounds
  2 swamp drakes (Zig:23)
  4 porcupines
  3 sky beasts
  5 ice beasts
  7 eyes of draining
  A human skeleton (Depths:1)
  A manticore zombie (Crypt:2)
  55 orc warriors
  A spiny frog skeleton (Pan)
  4 black bears
  A deep troll simulacrum (Depths:1)
  2 necrophages
  5 phantoms
  An ice dragon simulacrum (Crypt:2)
  63 ogres
  6 boggarts
  18 centaurs
  10 wolves
  19 crocodiles
  3 snapping turtle skeletons
  Blork the orc (D:5)
  A crocodile (shapeshifter) (Elf:1)
  A hog skeleton (Crypt:1)
  4 elf zombies
  2 big kobolds
  13 bullfrogs
  3 earth elementals
  3 gnoll sergeants (D:11)
  A wyvern zombie (D:15)
  A salamander skeleton (Crypt:2)
  A spiny frog simulacrum (Hell)
  4 scorpions
  10 killer bees
  5 wights
  2 electric eels
  A spriggan skeleton (Crypt:2)
  5 howler monkeys
  8 crimson imps
  A quasit (D:12)
  15 jellies
  A wolf skeleton (Crypt:1)
  3 bullfrog zombies
  5 centaur zombies
  7 hounds
  27 orc priests
  A gnoll shaman (D:7)
  5 iron imps
  48 orc wizards
  A black bear skeleton (Crypt:1)
  Crazy Yiuf (D:5)
  3 bullfrog skeletons
  7 iguanas
  12 worker ants
  A lightning spire (Zig:14)
  3 tengu zombies
  An ogre skeleton (Crypt:2)
  62 mummies
  A worker ant zombie (D:7)
  16 gnolls
  19 adders
  A river rat (D:6)
  A shadow imp (D:11)
  An ooze (Lair:5)
  A worm zombie (Crypt:2)
  2 adder zombies
  2 adder skeletons
  5 worms
  4 dart slugs
  6 leopard geckos
  138 orcs
  6 ball pythons
  8 giant cockroaches
  10 goblins
  11 hobgoblins
  17 jackals
  4 quokkas
  A ball python zombie (Crypt:1)
  17 bats
  11 frilled lizards
  27 kobolds
  A quokka skeleton (D:7)
  A quokka zombie (D:6)
  11 rats
  18 blocks of ice
  4 briar patches (Zig:23)
  2 crawling corpses (Elf:3)
  2 fungi (Lair:6)
  A lurking horror (Abyss:3)
  25 plants
  7 starspawn tentacles
  5 tentacles
  5 withered plants (Crypt:3)
3839 creatures vanquished.

Vanquished Creatures (collateral kills)
  2 pandemonium lords (Pan)
  2 deep elf master archers (Elf:3)
  An Executioner (Pan)
  A balrug (Pan)
  A deep elf sorcerer (Elf:3)
  A warmonger (Pan)
  2 deep elf elementalists (Elf:3)
  A deep elf demonologist (Elf:3)
  A deep elf annihilator (Elf:3)
  A deep elf death mage (Elf:3)
  2 sun demons (Pan)
  3 deep elf magi (Elf:3)
  A vault sentinel (Vaults:5)
  A smoke demon (Pan)
  A small abomination (Elf:3)
  A hornet (Vaults:5)
  A chaos spawn (Pan)
23 creatures vanquished.

Vanquished Creatures (others)
  A golden dragon (Vaults:5)
  Nikola (Vaults:3)
  An ancient champion (Zig:10)
  11 eldritch tentacles
  A deep elf master archer (Zig:13)
  A tentacled starspawn (Zig:16)
  A draconian knight (Zig:20)
  A balrug (Zig:16)
  2 merfolk javelineers (Zig:21)
  3 centaur warriors
  A merfolk aquamancer (Shoals:1)
  A two-headed ogre (Vaults:3)
  A hell hog (Depths:1)
  A wretched star (Zig:16)
  A deep elf knight (Elf:1)
  An infernal demonspawn (Pan)
  A shadow demon (Pan)
  A necromancer (Depths:3)
  A vault sentinel (Vaults:3)
  A black mamba (Snake:3)
  A demonic crawler (Pan)
  A hydra zombie (Hell)
  2 saltlings (Desolation)
  A fire elemental (Elf:2)
  A chaos spawn (Pan)
  A small abomination (Zig:16)
  2 ogres (Vaults:1)
  A spiny frog skeleton (Hell)
  A centaur (D:11)
  An orc priest (Snake:3)
  2 orc wizards (Orc:2)
  An orc (Vaults:4)
  33 blocks of ice
  2 bushes (Lair:6)
  26 fungi
  A lurking horror (Abyss:3)
  111 plants
  10 starspawn tentacles
  16 tentacles
  2 withered plants (D:15)
249 creatures vanquished.

Grand Total: 4111 creatures vanquished

Notes
Turn   | Place    | Note
-------+----------+-------------------------------------------
     0 | D:1      | Soeti the Gnoll Fighter began the quest for the Orb.
     0 | D:1      | Reached XP level 1. HP: 23/23 MP: 1/1
    53 | D:1      | Reached XP level 2. HP: 29/29 MP: 2/2
   185 | D:1      | Reached XP level 3. HP: 34/35 MP: 3/3
   651 | D:2      | Reached skill level 1 in Invocations
   664 | D:2      | Reached skill level 1 in Short Blades
   664 | D:2      | Reached skill level 1 in Long Blades
   664 | D:2      | Reached skill level 1 in Maces & Flails
   664 | D:2      | Reached skill level 1 in Polearms
   664 | D:2      | Reached skill level 1 in Staves
   664 | D:2      | Reached skill level 1 in Slings
   664 | D:2      | Reached skill level 1 in Bows
   664 | D:2      | Reached skill level 1 in Crossbows
   664 | D:2      | Reached skill level 1 in Throwing
   664 | D:2      | Reached skill level 1 in Dodging
   664 | D:2      | Reached skill level 1 in Stealth
   664 | D:2      | Reached skill level 1 in Unarmed Combat
   664 | D:2      | Reached skill level 1 in Spellcasting
   664 | D:2      | Reached skill level 1 in Evocations
   686 | D:2      | Reached XP level 4. HP: 31/41 MP: 5/5
   853 | D:2      | Reached skill level 1 in Conjurations
   853 | D:2      | Reached skill level 1 in Hexes
   853 | D:2      | Reached skill level 1 in Charms
   853 | D:2      | Reached skill level 1 in Summonings
   853 | D:2      | Reached skill level 1 in Necromancy
   853 | D:2      | Reached skill level 1 in Translocations
   853 | D:2      | Reached skill level 1 in Transmutations
   853 | D:2      | Reached skill level 1 in Fire Magic
   853 | D:2      | Reached skill level 1 in Ice Magic
   853 | D:2      | Reached skill level 1 in Air Magic
   853 | D:2      | Reached skill level 1 in Earth Magic
   853 | D:2      | Reached skill level 1 in Poison Magic
  1057 | D:2      | Found a snail-covered altar of Cheibriados.
  1095 | D:2      | Became a worshipper of Cheibriados the Contemplative
  1139 | D:2      | Reached XP level 5. HP: 47/47 MP: 6/6
  1641 | D:3      | Found a sacrificial altar of Ru.
  1840 | D:3      | Found an iron altar of Okawaru.
  1851 | D:3      | Found a sparkling altar of Nemelex Xobeh.
  1925 | D:3      | Found a burning altar of Makhleb.
  2126 | D:3      | Noticed a sky beast
  2136 | D:3      | Killed a sky beast
  2136 | D:3      | Reached * piety under Cheibriados
  2136 | D:3      | Reached XP level 6. HP: 53/53 MP: 8/8
  2174 | D:3      | Found an iron altar of Okawaru.
  2353 | D:4      | Found a snail-covered altar of Cheibriados.
  2368 | D:4      | Found a shattered altar of Ashenzari.
  2435 | D:4      | Reached skill level 5 in Axes
  2435 | D:4      | Reached skill level 2 in Stealth
  2670 | D:4      | Found an opulent altar of Gozag.
  2782 | D:4      | Reached XP level 7. HP: 56/59 MP: 10/10
  3466 | D:4      | Reached ** piety under Cheibriados
  3660 | D:4      | Found a deep blue altar of Sif Muna.
  3660 | D:4      | Found a stormy altar of Qazlal.
  3788 | D:5      | Entered Level 5 of the Dungeon
  3829 | D:5      | Reached XP level 8. HP: 61/67 MP: 10/12
  3972 | D:5      | Found Lobb's Weapon Shop.
  4004 | D:5      | Noticed Blork the orc
  4010 | D:5      | Killed Blork the orc
  4010 | D:5      | Reached skill level 3 in Stealth
  4012 | D:5      | Found a blossoming altar of Fedhas.
  4385 | D:5      | Found a staircase to the Ecumenical Temple.
  4501 | D:5      | Found a runed door.
  4505 | D:5      | Noticed Crazy Yiuf
  4511 | D:5      | Killed Crazy Yiuf
  4511 | D:5      | Reached *** piety under Cheibriados
  4686 | D:6      | Found a radiant altar of Vehumet.
  4715 | D:6      | Found a basalt altar of Yredelemnul.
  4862 | D:6      | Reached XP level 9. HP: 66/72 MP: 14/14
  4869 | D:6      | Found a glowing drain.
  4873 | Sewer    | Entered a sewer
  4954 | Sewer    | Reached **** piety under Cheibriados
  6039 | D:7      | Reached skill level 4 in Stealth
  6046 | D:7      | Reached ***** piety under Cheibriados
  6132 | D:7      | Found an ornate altar of the Wu Jian Council.
  6321 | D:7      | Identified the +9 hand axe of Abuse {venom, rElec rC+
                  | Dex+4}
  6384 | D:7      | Found a flagged portal.
  6437 | Bailey   | Entered a bailey
  6443 | Bailey   | Noticed an orc knight
  6596 | Bailey   | Reached skill level 5 in Invocations
  6779 | Bailey   | Reached XP level 10. HP: 70/80 MP: 17/17
  6782 | Bailey   | Killed an orc knight
  6936 | D:7      | Reached skill level 5 in Short Blades
  6936 | D:7      | Reached skill level 5 in Long Blades
  6936 | D:7      | Reached skill level 5 in Maces & Flails
  6936 | D:7      | Reached skill level 5 in Polearms
  6936 | D:7      | Reached skill level 5 in Staves
  6936 | D:7      | Reached skill level 5 in Slings
  6936 | D:7      | Reached skill level 5 in Bows
  6936 | D:7      | Reached skill level 5 in Crossbows
  6936 | D:7      | Reached skill level 5 in Throwing
  6936 | D:7      | Reached skill level 5 in Dodging
  6936 | D:7      | Reached skill level 5 in Stealth
  6936 | D:7      | Reached skill level 5 in Unarmed Combat
  6936 | D:7      | Reached skill level 5 in Spellcasting
  6936 | D:7      | Reached skill level 5 in Evocations
  7335 | D:8      | Found a staircase to the Lair.
  7563 | D:8      | Reached ****** piety under Cheibriados
  7841 | D:8      | Found a glowing silver altar of Zin.
  8295 | D:8      | Found Daghuol's Distillery.
  8733 | D:9      | Noticed a two-headed ogre
  8747 | D:9      | Killed a two-headed ogre
  8747 | D:9      | Reached XP level 11. HP: 87/87 MP: 19/19
  8838 | D:9      | Found the +3 Elemental Staff {rElec rF++ rC++ MR++ AC+5}
  8999 | D:9      | Found a hazy altar of Hepliaklqana.
  9124 | D:9      | Found a runed gate.
  9124 | D:9      | Found a runed gate.
  9126 | D:9      | Found a runed gate.
  9131 | D:9      | Noticed Ratty's ghost (novice DsNe)
  9131 | D:9      | Noticed an 11-headed hydra
  9156 | D:9      | Killed Ratty's ghost
  9477 | Lair:1   | Entered Level 1 of the Lair of Beasts
  9480 | Lair:1   | Reached skill level 6 in Stealth
  9572 | Lair:1   | Reached skill level 5 in Conjurations
  9572 | Lair:1   | Reached skill level 5 in Hexes
  9572 | Lair:1   | Reached skill level 5 in Charms
  9572 | Lair:1   | Reached skill level 5 in Summonings
  9572 | Lair:1   | Reached skill level 5 in Necromancy
  9572 | Lair:1   | Reached skill level 5 in Translocations
  9572 | Lair:1   | Reached skill level 5 in Transmutations
  9572 | Lair:1   | Reached skill level 5 in Fire Magic
  9572 | Lair:1   | Reached skill level 5 in Ice Magic
  9572 | Lair:1   | Reached skill level 5 in Air Magic
  9572 | Lair:1   | Reached skill level 5 in Earth Magic
  9572 | Lair:1   | Reached skill level 5 in Poison Magic
 10458 | Lair:2   | Noticed Gastronok
 10471 | Lair:2   | Killed Gastronok
 10576 | Lair:2   | Reached XP level 12. HP: 69/96 MP: 20/22
 10708 | Lair:2   | Found a frozen archway.
 11168 | Lair:3   | Noticed Urug
 11171 | Lair:3   | Reached skill level 7 in Stealth
 11182 | Lair:3   | Killed Urug
 11374 | Lair:3   | Noticed a seven-headed hydra
 11530 | Lair:3   | Killed a 16-headed hydra
 11865 | Lair:3   | Found a staircase to the Shoals.
 11883 | Lair:3   | Noticed an eight-headed hydra
 11896 | Lair:3   | Killed a 15-headed hydra
 12158 | Lair:4   | Noticed a catoblepas
 12172 | Lair:4   | Killed a catoblepas
 12374 | Lair:4   | Noticed Sonja
 12447 | Lair:4   | Found a staircase to the Snake Pit.
 12586 | Lair:4   | Reached skill level 10 in Fighting
 12586 | Lair:4   | Reached skill level 10 in Armour
 12586 | Lair:4   | Reached skill level 10 in Shields
 12672 | Lair:4   | Noticed Kirke
 12684 | Lair:4   | Killed Kirke
 12684 | Lair:4   | Reached XP level 13. HP: 91/103 MP: 24/24
 13000 | Lair:4   | Killed Sonja
 13198 | Lair:5   | Found a staircase to the Slime Pits.
 13198 | Lair:5   | Found a labyrinth entrance.
 13235 | Lab      | Entered a labyrinth
 13690 | Lab      | Noticed a minotaur
 13702 | Lab      | Killed a minotaur
 13896 | Lab      | Identified Sif Muna's Collected Works on Entrancing
                  | Lightness
 14135 | Lair:5   | Reached skill level 8 in Stealth
 14916 | Lair:5   | Noticed Snorg
 14928 | Lair:5   | Killed Snorg
 15217 | Lair:6   | Entered Level 6 of the Lair of Beasts
 15322 | Lair:6   | Found a runed door.
 15399 | Lair:6   | Reached XP level 14. HP: 91/111 MP: 26/26
 15502 | Lair:6   | Reached skill level 10 in Axes
 15647 | Lair:6   | Reached skill level 9 in Stealth
 15744 | Lair:6   | Noticed namelastname112's ghost (journeyman DrGl)
 16308 | Lair:6   | Reached skill level 10 in Invocations
 17061 | D:10     | Entered Level 10 of the Dungeon
 17134 | D:10     | Noticed Joseph
 17146 | D:10     | Killed Joseph
 17539 | D:10     | Identified the +10 broad axe "Ellehe Pezew" {freeze, rN+}
 17539 | D:10     | Noticed a frost giant
 17549 | D:10     | Killed a frost giant
 17908 | D:11     | Found Foj Kid's Weapon Boutique.
 17925 | D:11     | Noticed Fannar
 17950 | D:11     | Killed Fannar
 18088 | D:11     | Found a staircase to the Orcish Mines.
 18492 | D:12     | Reached XP level 15. HP: 119/119 MP: 28/28
 18714 | D:12     | Noticed Nergalle
 18725 | D:12     | Killed Nergalle
 19209 | Orc:1    | Entered Level 1 of the Orcish Mines
 19209 | Orc:1    | Found Xoggeck's Assorted Antiques.
 19209 | Orc:1    | Found a bloodstained altar of Trog.
 19606 | Orc:2    | Entered Level 2 of the Orcish Mines
 19608 | Orc:2    | Found Cuobem's Assorted Antiques.
 19668 | Orc:1    | Learned a level 3 spell: Regeneration
 19672 | Orc:1    | Learned a level 3 spell: Mephitic Cloud
 19940 | Orc:2    | Found a staircase to the Elven Halls.
 20217 | Orc:2    | Paralysed by an orc sorcerer for 2 turns
 20293 | Orc:2    | Found Emeufoupp's General Store.
 20348 | Orc:2    | Found Rachyff's Antique Armour Shop.
 20465 | Orc:2    | Found Lunnox's Food Shoppe.
 20507 | Orc:2    | Found a roughly hewn altar of Beogh.
 20518 | Orc:2    | Found Soatopo's Antique Armour Shop.
 20518 | Orc:2    | Found Disaf's General Store.
 20563 | Orc:2    | Bought a pair of embroidered boots for 307 gold pieces
 20770 | Orc:2    | Found a runed gate.
 20770 | Orc:2    | Found a runed gate.
 20770 | Orc:2    | Found a runed gate.
 20770 | Orc:2    | Noticed Velros's ghost (adept KoBe)
 22108 | D:13     | Found a burning altar of Makhleb.
 22377 | D:13     | Found a gate to the Vaults.
 22401 | D:13     | Reached skill level 10 in Short Blades
 22401 | D:13     | Reached skill level 10 in Long Blades
 22401 | D:13     | Reached skill level 10 in Maces & Flails
 22401 | D:13     | Reached skill level 10 in Polearms
 22401 | D:13     | Reached skill level 10 in Staves
 22401 | D:13     | Reached skill level 10 in Slings
 22401 | D:13     | Reached skill level 10 in Bows
 22401 | D:13     | Reached skill level 10 in Crossbows
 22401 | D:13     | Reached skill level 10 in Throwing
 22401 | D:13     | Reached skill level 10 in Dodging
 22401 | D:13     | Reached skill level 10 in Stealth
 22401 | D:13     | Reached skill level 10 in Unarmed Combat
 22401 | D:13     | Reached skill level 10 in Spellcasting
 22401 | D:13     | Reached skill level 10 in Evocations
 22823 | D:14     | Found a transporter.
 22829 | D:14     | Noticed emperorscorpion's ghost (journeyman TrBe)
 22903 | D:14     | Found a transporter.
 23369 | D:15     | Entered Level 15 of the Dungeon
 23752 | D:15     | Found a staircase to the Depths.
 23841 | D:15     | Reached XP level 16. HP: 104/127 MP: 30/30
 23956 | D:15     | Got a transparent scale mail
 24428 | D:15     | Noticed Rupert
 24441 | D:15     | Killed Rupert
 24971 | Snake:1  | Entered Level 1 of the Snake Pit
 25770 | Snake:2  | Found a radiant altar of Vehumet.
 25917 | Snake:2  | Found a transporter.
 26511 | Snake:2  | Reached skill level 11 in Stealth
 26658 | Snake:2  | Found a transporter.
 27294 | Snake:3  | Noticed Saint Roka
 27299 | Snake:3  | Reached XP level 17. HP: 98/135 MP: 32/32
 27667 | Snake:3  | Killed Saint Roka
 27893 | Snake:3  | Noticed Vashnia
 28231 | Snake:3  | Killed Vashnia
 28455 | Snake:4  | Entered Level 4 of the Snake Pit
 29070 | Snake:4  | Reached skill level 10 in Conjurations
 29070 | Snake:4  | Reached skill level 10 in Hexes
 29070 | Snake:4  | Reached skill level 10 in Charms
 29070 | Snake:4  | Reached skill level 10 in Summonings
 29070 | Snake:4  | Reached skill level 10 in Necromancy
 29070 | Snake:4  | Reached skill level 10 in Translocations
 29070 | Snake:4  | Reached skill level 10 in Transmutations
 29070 | Snake:4  | Reached skill level 10 in Fire Magic
 29070 | Snake:4  | Reached skill level 10 in Ice Magic
 29070 | Snake:4  | Reached skill level 10 in Air Magic
 29070 | Snake:4  | Reached skill level 10 in Earth Magic
 29070 | Snake:4  | Reached skill level 10 in Poison Magic
 29125 | Snake:4  | Reached XP level 18. HP: 118/143 MP: 29/33
 29535 | Snake:4  | Reached skill level 12 in Stealth
 29691 | Snake:4  | Got a serpentine rune of Zot
 30481 | Shoals:1 | Entered Level 1 of the Shoals
 30494 | Shoals:1 | Learned a level 6 spell: Statue Form
 30814 | D:15     | Identified the +4 scale mail of the Skies Above {rN+ Dex+4}
                  | (You found it on level 15 of the Dungeon)
 32276 | Shoals:3 | Reached XP level 19. HP: 106/151 MP: 32/35
 32701 | Shoals:3 | Identified the +2 robe of the Crushed Lies {MR+ Str+4
                  | Slay-5}
 32975 | Shoals:4 | Entered Level 4 of the Shoals
 33560 | Shoals:4 | Got a barnacled rune of Zot
 34316 | Vaults:1 | Entered Level 1 of the Vaults
 34487 | Vaults:1 | Reached XP level 20. HP: 159/159 MP: 30/36
 34538 | Vaults:1 | Reached skill level 13 in Stealth
 35178 | Vaults:1 | Found Oxypruur's Gadget Boutique.
 35587 | Vaults:2 | Found a white marble altar of Elyvilon.
 37058 | Vaults:3 | Noticed Jory
 37088 | Vaults:3 | Killed Jory
 37216 | Vaults:3 | Reached XP level 21. HP: 166/166 MP: 31/38
 37279 | Vaults:3 | Found a staircase to the Crypt.
 37372 | Vaults:3 | Noticed Nikola
 37376 | Vaults:3 | Killed Nikola
 37720 | Vaults:3 | Found Obihunere's Gadget Shop.
 37796 | Vaults:3 | Reached skill level 15 in Fighting
 37796 | Vaults:3 | Reached skill level 15 in Armour
 37796 | Vaults:3 | Reached skill level 15 in Shields
 38240 | Vaults:3 | Reached skill level 15 in Invocations
 38511 | Vaults:4 | Reached skill level 14 in Stealth
 38848 | Vaults:4 | Found Releaj's Antique Weapon Emporium.
 38982 | Vaults:4 | Reached XP level 22. HP: 175/175 MP: 31/40
 39112 | Vaults:4 | Found a runed gate.
 39112 | Vaults:4 | Found a runed gate.
 39112 | Vaults:4 | Found a runed gate.
 39115 | Vaults:4 | Noticed Laibby's ghost (adept OpEE)
 39124 | Vaults:4 | Found a roughly hewn altar of Beogh.
 39161 | Vaults:4 | Found the ring of Robustness {AC+8}
 39357 | Vaults:4 | Identified a scroll of acquirement
 39358 | Vaults:4 | Found the +2 pair of boots of the Assassin {Detection Stab+
                  | Stlth++}
 39625 | Vaults:4 | Killed Laibby's ghost
 40054 | Depths:1 | Entered Level 1 of the Depths
 40065 | Depths:1 | Found a flickering gateway to a bazaar.
 40070 | Bazaar   | Entered a bazaar
 40143 | Bazaar   | Found Seesofe's Gadget Emporium.
 40173 | Bazaar   | Found Lagailuc's Gadget Boutique.
 40209 | Bazaar   | Found Joqouf's Book Emporium.
 40217 | Bazaar   | Bought a book of the Tempests for 700 gold pieces
 40222 | Bazaar   | Bought a book of Clouds for 450 gold pieces
 40226 | Bazaar   | Bought a Grand Grimoire for 1104 gold pieces
 40236 | Bazaar   | Learned a level 7 spell: Ring of Flames
 40244 | Bazaar   | Learned a level 7 spell: Malign Gateway
 40266 | Bazaar   | Found Bebbig's Magic Scroll Emporium.
 40274 | Bazaar   | Bought a scroll of teleportation for 27 gold pieces
 40274 | Bazaar   | Bought a scroll of teleportation for 27 gold pieces
 40274 | Bazaar   | Bought a scroll of fear for 31 gold pieces
 40274 | Bazaar   | Bought a scroll of amnesia for 31 gold pieces
 40274 | Bazaar   | Bought a scroll of amnesia for 31 gold pieces
 40446 | Depths:1 | Found Zoutit's Magic Scroll Emporium.
 40449 | Depths:1 | Found a runed door.
 40451 | Depths:1 | Noticed Wisoosue's ghost (journeyman SpBe)
 40819 | Depths:1 | Identified the +8 dagger of Governance {freeze, rC+ MR+
                  | MP-9}
 41100 | Depths:1 | Found a one-way gate to the infinite horrors of the Abyss.
 41191 | Depths:1 | Reached skill level 15 in Axes
 41257 | Depths:1 | Found a gateway to Hell.
 41446 | Depths:1 | Found a runed door.
 41455 | Depths:1 | Noticed a caustic shrike
 41474 | Depths:1 | Killed a caustic shrike
 41548 | Depths:1 | Learned a level 5 spell: Aura of Abjuration
 41577 | Depths:1 | Learned a level 5 spell: Borgnjor's Vile Clutch
 42285 | Depths:2 | Reached XP level 23. HP: 177/183 MP: 41/41
 42725 | Depths:3 | Found a one-way gate leading to the halls of Pandemonium.
 42776 | Depths:3 | Got a sparkling bone ring
 42782 | Depths:3 | Identified the ring "Zoocupoz" {rF+ rC++ Int+3 Stlth+} (You
                  | found it on level 3 of the Depths)
 42883 | Depths:3 | Paralysed by a floating eye for 2 turns
 43015 | Depths:3 | Got a shimmering amber ring
 43018 | Depths:3 | Identified the ring of Baovue Fipse {Fire Dex+5 Slay-4}
                  | (You found it on level 3 of the Depths)
 43090 | Depths:3 | Found a snail-covered altar of Cheibriados.
 43121 | Depths:3 | Paralysed by a floating eye for 2 turns
 43131 | Depths:3 | Got a scintillating tin ring
 43132 | Depths:3 | Identified the ring "Ickaesor" {rC+ Str+6 Int+2 Dex+4} (You
                  | found it on level 3 of the Depths)
 43151 | Depths:3 | Noticed a golden dragon
 43159 | Depths:3 | Killed a golden dragon
 43212 | Depths:3 | Found a deep blue altar of Sif Muna.
 43345 | Depths:3 | Reached skill level 15 in Short Blades
 43345 | Depths:3 | Reached skill level 15 in Long Blades
 43345 | Depths:3 | Reached skill level 15 in Maces & Flails
 43345 | Depths:3 | Reached skill level 15 in Polearms
 43345 | Depths:3 | Reached skill level 15 in Staves
 43345 | Depths:3 | Reached skill level 15 in Slings
 43345 | Depths:3 | Reached skill level 15 in Bows
 43345 | Depths:3 | Reached skill level 15 in Crossbows
 43345 | Depths:3 | Reached skill level 15 in Throwing
 43345 | Depths:3 | Reached skill level 15 in Dodging
 43345 | Depths:3 | Reached skill level 15 in Stealth
 43345 | Depths:3 | Reached skill level 15 in Unarmed Combat
 43345 | Depths:3 | Reached skill level 15 in Spellcasting
 43345 | Depths:3 | Reached skill level 15 in Evocations
 43450 | Depths:3 | Noticed Margery
 43459 | Depths:3 | Killed Margery
 43999 | Depths:4 | Identified the +7 trident "Zeqig" {flame, +Blink rF++ rC++}
 44011 | Depths:4 | Reached XP level 24. HP: 191/191 MP: 33/42
 44284 | Depths:4 | Found Numeiff's Jewellery Shop.
 44285 | Depths:4 | Found Ilalleez's Gadget Emporium.
 44287 | Depths:4 | Found Ugikubeg's Jewellery Shop.
 44454 | Depths:4 | Identified the cursed +0 large shield of the Harvest Moon
                  | {rN+ MR++ rCorr Dex-3}
 44454 | Depths:4 | Noticed Mennas
 44473 | Depths:4 | Killed Mennas
 44500 | Depths:4 | Paralysed by a floating eye for 2 turns
 44619 | Depths:4 | Noticed Sojobo
 44636 | Depths:4 | Killed Sojobo
 45049 | Depths:4 | Found a corrupted altar of Lugonu.
 45100 | Depths:5 | Entered Level 5 of the Depths
 45100 | Depths:5 | Noticed a caustic shrike
 45100 | Depths:5 | Noticed a caustic shrike
 45100 | Depths:5 | Noticed a caustic shrike
 45100 | Depths:5 | Noticed a juggernaut
 45111 | Depths:4 | Killed a caustic shrike
 45113 | Depths:4 | Killed a caustic shrike
 45115 | Depths:4 | Killed a caustic shrike
 45184 | Depths:5 | Killed a juggernaut
 45390 | Depths:5 | Found a gateway to a ziggurat.
 45789 | Depths:5 | Found a gate to the Realm of Zot.
 46351 | Elf:1    | Entered Level 1 of the Elven Halls
 46389 | Elf:1    | Reached XP level 25. HP: 198/198 MP: 38/42
 46431 | Elf:1    | Noticed Donald
 46440 | Elf:1    | Killed Donald
 46449 | Elf:1    | Found a ruined gateway.
 46457 | Desolati | Entered the Desolation of Salt
 46550 | Desolati | Got a scorched chain mail
 46551 | Desolati | Identified the +6 chain mail "Roilu" {rN+} (You found it in
                  | the Desolation of Salt)
 46562 | Desolati | Got a shimmering bronze ring
 46563 | Desolati | Identified the ring of Mistrust {rElec rN+ MR+ Int+4} (You
                  | found it in the Desolation of Salt)
 46575 | Desolati | Learned a level 6 spell: Deflect Missiles
 46669 | Desolati | Identified the Reference Book on Transmutation and
                  | Enchantment
 46672 | Desolati | Got a fine marble ring
 46674 | Desolati | Identified the ring "Mypteodoo" {rC+ Int+5} (You found it
                  | in the Desolation of Salt)
 46822 | Desolati | Reached skill level 16 in Stealth
 47115 | Desolati | Found the +15 Maxwell's patent armour {-Cast -Tele rElec
                  | MR+ rCorr}
 47120 | Desolati | Identified Biczieza's Catalogue of the Creative Rocks
 47127 | Desolati | Identified the Collected Works on Stones
 47132 | Desolati | Identified the Grimoire of Pragmatism
 47291 | Elf:1    | Identified the Papyrus of Slavery
 47410 | Elf:1    | Noticed Roxanne
 47423 | Elf:1    | Killed Roxanne
 47468 | Elf:1    | Got a scorched plate armour
 47469 | Elf:1    | Identified the +8 plate armour of Zizukonu {rPois Stlth+}
                  | (You found it on level 1 of the Elven Halls)
 47948 | Elf:2    | Found a deep blue altar of Sif Muna.
 48232 | Elf:2    | Found a huge runed gate.
 48232 | Elf:2    | Found a huge runed gate.
 48232 | Elf:2    | Found a huge runed gate.
 48232 | Elf:2    | Found a huge runed gate.
 48233 | Elf:2    | Found a huge runed gate.
 48404 | Elf:2    | Cast into level 3 of the Abyss (hand axe of distortion)
 48547 | Abyss:3  | Found a corrupted altar of Lugonu.
 48556 | Abyss:3  | Found a corrupted altar of Lugonu.
 48707 | Abyss:3  | Got an encrusted large shield
 48708 | Abyss:3  | Identified the +2 large shield of Disguise {rF++} (You
                  | acquired it on level 3 of the Abyss)
 48807 | Abyss:3  | Gained mutation: You are resistant to hostile enchantments.
                  | (MR+) [a neqoxec]
 48915 | Elf:2    | Escaped the Abyss
 49253 | Elf:3    | Entered Level 3 of the Elven Halls
 49638 | Elf:3    | Noticed Louise
 49663 | Elf:3    | Killed Louise
 50053 | Elf:3    | Reached XP level 26. HP: 206/206 MP: 39/43
 50313 | Elf:3    | Got a pitted copper ring
 50314 | Elf:3    | Identified the ring "Noude" {rC+ Dex+3} (You found it on
                  | level 3 of the Elven Halls)
 50333 | Elf:3    | Got a smoking platinum amulet
 50341 | Elf:3    | Identified the amulet "Ataesuoq" {Spirit -Tele +Inv rPois
                  | rN+++} (You found it on level 3 of the Elven Halls)
 50468 | Elf:3    | Identified Rites and Rhymes Continued
 50880 | Lair:1   | Learned a level 4 spell: Summon Lightning Spire
 50890 | Lair:1   | Learned a level 8 spell: Ignition
 51102 | Vaults:5 | Entered Level 5 of the Vaults
 51795 | Vaults:5 | Noticed an ancient lich
 51800 | Vaults:5 | Killed an ancient lich
 51882 | Vaults:5 | Noticed an ancient lich
 51897 | Vaults:5 | Killed an ancient lich
 52146 | Vaults:5 | Identified the +6 chain mail of Hadjma {rPois rF+ Str-5
                  | Int+5}
 52242 | Vaults:5 | Got a silver rune of Zot
 52292 | Vaults:5 | Reached skill level 17 in Stealth
 52292 | Vaults:5 | Reached XP level 27. HP: 215/215 MP: 40/44
 52661 | Vaults:5 | Identified the cursed +3 dagger of Crusades {pierce, rElec
                  | rPois rN++ Dex+3}
 53175 | Vaults:5 | Upgraded the game from 0.23-a0-393-g6e9e0f2 to
                  | 0.23-a0-395-gcf17ac6
 53571 | Crypt:1  | Entered Level 1 of the Crypt
 54300 | Crypt:2  | Found an ancient bone altar of Kikubaaqudgha.
 54661 | Crypt:2  | Reached skill level 15 in Conjurations
 54661 | Crypt:2  | Reached skill level 15 in Hexes
 54661 | Crypt:2  | Reached skill level 15 in Charms
 54661 | Crypt:2  | Reached skill level 15 in Summonings
 54661 | Crypt:2  | Reached skill level 15 in Necromancy
 54661 | Crypt:2  | Reached skill level 15 in Translocations
 54661 | Crypt:2  | Reached skill level 15 in Transmutations
 54661 | Crypt:2  | Reached skill level 15 in Fire Magic
 54661 | Crypt:2  | Reached skill level 15 in Ice Magic
 54661 | Crypt:2  | Reached skill level 15 in Air Magic
 54661 | Crypt:2  | Reached skill level 15 in Earth Magic
 54661 | Crypt:2  | Reached skill level 15 in Poison Magic
 55231 | Crypt:3  | Entered Level 3 of the Crypt
 55605 | Crypt:3  | Reached skill level 18 in Stealth
 55694 | Crypt:3  | Found a staircase to the Tomb.
 55988 | Crypt:3  | Got a distressingly furry robe
 55989 | Crypt:3  | Identified the +1 robe of Morality {Dex+3} (You found it on
                  | level 3 of the Crypt)
 56263 | Crypt:3  | Found an ancient bone altar of Kikubaaqudgha.
 56265 | Crypt:3  | Noticed an ancient lich
 56274 | Crypt:3  | Killed an ancient lich
 56285 | Crypt:3  | Noticed an ancient lich
 56296 | Crypt:3  | Killed an ancient lich
 56504 | Crypt:3  | Noticed an ancient lich
 56550 | Crypt:3  | Killed an ancient lich
 57324 | Hell     | Entered the Vestibule of Hell
 57324 | Hell     | Noticed Geryon
 57429 | Hell     | Killed Geryon
 57839 | Hell     | Found a gateway to the freezing wastes of Cocytus.
 57967 | Hell     | Found a gateway to the Iron City of Dis.
 58090 | Hell     | Found a gateway to the ashen valley of Gehenna.
 58143 | Hell     | Found a gateway to the decaying netherworld of Tartarus.
 58719 | Lair:6   | Killed namelastname112's ghost
 58922 | Snake:2  | Got a smoking brass ring
 58923 | Snake:2  | Identified the ring of Kapo {-Tele rC++ Int+4} (You found
                  | it on level 2 of the Snake Pit)
 58940 | Snake:2  | Got a translucent golden amulet
 58941 | Snake:2  | Identified the amulet of Finality {Reflect *Contam rC++
                  | Str+5 SH+3} (You found it on level 2 of the Snake Pit)
 58953 | Snake:2  | Gained mutation: You are frail. (-10% HP) [mutagenic glow]
 59892 | Pan      | Entered Pandemonium
 60141 | Pan      | Found a runed door.
 60150 | Pan      | Found a runed door.
 60150 | Pan      | Noticed Gamun the pandemonium lord
 60151 | Pan      | Found a runed door.
 60151 | Pan      | Found a runed door.
 60155 | Pan      | Killed Gamun the pandemonium lord
 60155 | Pan      | Reached skill level 19 in Stealth
 60198 | Pan      | Entered the realm of Mnoleg.
 60340 | Pan      | Gained mutation: You are very frail. (-20% HP) [a
                  | cacodemon]
 60360 | Pan      | Gained mutation: You tend to lose your temper in combat. [a
                  | neqoxec]
 60371 | Pan      | Gained mutation: Your body sometimes deteriorates upon
                  | taking damage. [a cacodemon]
 60378 | Pan      | Gained mutation: You are extremely frail. (-30% HP) [a
                  | cacodemon]
 60699 | Pan      | Gained mutation: Your magical capacity is low. (-10% MP) [a
                  | cacodemon]
 60765 | Pan      | Gained mutation: Scrolls take you a little longer to read.
                  | [a neqoxec]
 60801 | Pan      | Gained mutation: You are clumsy. (Dex -2) [a cacodemon]
 60802 | Pan      | Gained mutation: You occasionally shout uncontrollably at
                  | your foes. [a cacodemon]
 60923 | Pan      | Noticed Mnoleg
 60949 | Pan      | Killed Mnoleg
 60966 | Pan      | Gained mutation: Armour fits poorly on your strangely
                  | shaped body. [a neqoxec]
 61119 | Pan      | Got a glowing rune of Zot
 61207 | Pan      | Gained mutation: Your magical capacity is very low. (-20%
                  | MP) [a cacodemon]
 61213 | Pan      | Gained mutation: You are very clumsy. (Dex -4) [a
                  | cacodemon]
 61217 | Pan      | Gained mutation: Your magical capacity is extremely low.
                  | (-30% MP) [a cacodemon]
 61268 | Pan      | Noticed Uluniq the pandemonium lord
 61455 | Pan      | Killed Uluniq the pandemonium lord
 61624 | Pan      | Identified the Compendium of Sinister Moulding
 61627 | Pan      | Got a demonic rune of Zot
 61795 | Pan      | Noticed Sunich the pandemonium lord
 61801 | Pan      | Killed Sunich the pandemonium lord
 61899 | Pan      | Reached skill level 20 in Stealth
 61914 | Pan      | Noticed Dobaxuop the pandemonium lord
 61930 | Pan      | Killed Dobaxuop the pandemonium lord
 61947 | Pan      | Got a bound jade amulet
 62178 | Pan      | Noticed Yvink the pandemonium lord
 62340 | Pan      | Lost mutation: Your magical capacity is extremely low.
                  | (-30% MP) [potion of mutation]
 62340 | Pan      | Lost mutation: You are extremely frail. (-30% HP) [potion
                  | of mutation]
 62340 | Pan      | Gained mutation: You are partially covered in iridescent
                  | scales. (AC +2) [potion of mutation]
 62340 | Pan      | Gained mutation: You expend magic power (3 MP) to
                  | strengthen your wands. [potion of mutation]
 62341 | Pan      | Lost mutation: You are very clumsy. (Dex -4) [potion of
                  | mutation]
 62341 | Pan      | Lost mutation: Scrolls take you a little longer to read.
                  | [potion of mutation]
 62341 | Pan      | Lost mutation: You tend to lose your temper in combat.
                  | [potion of mutation]
 62341 | Pan      | Lost mutation: You are clumsy. (Dex -2) [potion of
                  | mutation]
 62341 | Pan      | Gained mutation: Your magical capacity is extremely low.
                  | (-30% MP) [potion of mutation]
 62341 | Pan      | Gained mutation: Your muscles are strong. (Str +2) [potion
                  | of mutation]
 62342 | Pan      | Lost mutation: You expend magic power (3 MP) to strengthen
                  | your wands. [potion of mutation]
 62342 | Pan      | Lost mutation: You occasionally shout uncontrollably at
                  | your foes. [potion of mutation]
 62342 | Pan      | Lost mutation: Your muscles are strong. (Str +2) [potion of
                  | mutation]
 62342 | Pan      | Gained mutation: You are weak. (Str -2) [potion of
                  | mutation]
 62342 | Pan      | Gained mutation: You are dopey. (Int -2) [potion of
                  | mutation]
 62342 | Pan      | Gained mutation: You have large cloven feet. [potion of
                  | mutation]
 62343 | Pan      | Lost mutation: You are resistant to hostile enchantments.
                  | (MR+) [potion of mutation]
 62343 | Pan      | Lost mutation: You are very frail. (-20% HP) [potion of
                  | mutation]
 62343 | Pan      | Gained mutation: Potions are less effective at restoring
                  | your health. [potion of mutation]
 62343 | Pan      | Gained mutation: Your flesh is heat resistant. (rF+)
                  | [potion of mutation]
 62344 | Pan      | Lost mutation: Your body sometimes deteriorates upon taking
                  | damage. [potion of mutation]
 62344 | Pan      | Lost mutation: Your magical capacity is extremely low.
                  | (-30% MP) [potion of mutation]
 62344 | Pan      | Gained mutation: You are partially covered in thin metallic
                  | scales. (AC +2) [potion of mutation]
 62344 | Pan      | Lost mutation: Your flesh is heat resistant. (rF+) [potion
                  | of mutation]
 62344 | Pan      | Gained mutation: You are clumsy. (Dex -2) [potion of
                  | mutation]
 62344 | Pan      | Gained mutation: You possess an exceptional clarity of
                  | mind. [potion of mutation]
 62385 | Pan      | Killed Yvink the pandemonium lord
 62468 | Pan      | Entered the realm of Gloorx Vloq.
 62492 | Pan      | Learned a level 9 spell: Glaciate
 62905 | Pan      | Found an exit through the horrors of the Abyss.
 63022 | Pan      | Noticed Gloorx Vloq
 63040 | Pan      | Killed Gloorx Vloq
 63297 | Pan      | Got a dark rune of Zot
 63930 | Pan      | Gained mutation: You occasionally shout uncontrollably at
                  | your foes. [a neqoxec]
 64384 | Pan      | Noticed Aneczeoc the pandemonium lord
 64384 | Pan      | Gained mutation: Your body sometimes deteriorates upon
                  | taking damage. [a neqoxec]
 64391 | Pan      | Killed Aneczeoc the pandemonium lord
 64498 | Pan      | Noticed Bawenen the pandemonium lord
 64506 | Pan      | Killed Bawenen the pandemonium lord
 64554 | Pan      | Reached skill level 21 in Stealth
 64557 | Pan      | Lost mutation: You are dopey. (Int -2) [a cacodemon]
 65015 | Pan      | Gained mutation: Your magical capacity is extremely low.
                  | (-30% MP) [a cacodemon]
 65062 | Pan      | Noticed Duseu the pandemonium lord
 65080 | Pan      | Killed Duseu the pandemonium lord
 65112 | Depths:3 | Escaped Pandemonium
 65135 | Depths:3 | Identified the amulet "Vublydum" {Acrobat Int+2} (You found
                  | it in Pandemonium)
 65140 | Depths:3 | Lost mutation: Potions are less effective at restoring your
                  | health. [potion of mutation]
 65140 | Depths:3 | Lost mutation: Armour fits poorly on your strangely shaped
                  | body. [potion of mutation]
 65140 | Depths:3 | Lost mutation: You are weak. (Str -2) [potion of mutation]
 65141 | Depths:3 | Lost mutation: You possess an exceptional clarity of mind.
                  | [potion of mutation]
 65141 | Depths:3 | Lost mutation: You occasionally shout uncontrollably at
                  | your foes. [potion of mutation]
 65141 | Depths:3 | Gained mutation: Armour fits poorly on your strangely
                  | shaped body. [potion of mutation]
 65141 | Depths:3 | Gained mutation: Your natural rate of healing is unusually
                  | fast. [potion of mutation]
 65368 | Orc:2    | Bought a scroll of fog for 68 gold pieces
 65368 | Orc:2    | Bought a leatherbound book for 510 gold pieces
 65480 | D:8      | Bought 2 potions of might for 96 gold pieces
 65480 | D:8      | Bought a potion of heal wounds for 60 gold pieces
 65480 | D:8      | Bought a potion of heal wounds for 60 gold pieces
 65480 | D:8      | Bought a potion of brilliance for 48 gold pieces
 65480 | D:8      | Bought a potion of invisibility for 96 gold pieces
 65480 | D:8      | Bought a potion of mutation for 96 gold pieces
 65480 | D:8      | Bought a potion of heal wounds for 60 gold pieces
 65480 | D:8      | Bought a potion of might for 48 gold pieces
 65480 | D:8      | Bought a potion of mutation for 96 gold pieces
 65480 | D:8      | Bought a potion of might for 48 gold pieces
 65480 | D:8      | Lost mutation: You are clumsy. (Dex -2) [potion of
                  | mutation]
 65480 | D:8      | Lost mutation: Armour fits poorly on your strangely shaped
                  | body. [potion of mutation]
 65480 | D:8      | Lost mutation: You are frail. (-10% HP) [potion of
                  | mutation]
 65480 | D:8      | Lost mutation: You have large cloven feet. [potion of
                  | mutation]
 65480 | D:8      | Lost mutation: Your natural rate of healing is unusually
                  | fast. [potion of mutation]
 65480 | D:8      | Gained mutation: Your movements are slightly less
                  | encumbered by armour. (ER -2) [potion of mutation]
 65530 | D:8      | Lost mutation: Your body sometimes deteriorates upon taking
                  | damage. [potion of mutation]
 65530 | D:8      | Lost mutation: Your magical capacity is extremely low.
                  | (-30% MP) [potion of mutation]
 65530 | D:8      | Lost mutation: Your magical capacity is very low. (-20% MP)
                  | [potion of mutation]
 65530 | D:8      | Gained mutation: Your body sometimes deteriorates upon
                  | taking damage. [potion of mutation]
 65530 | D:8      | Gained mutation: You are resistant to hostile enchantments.
                  | (MR+) [potion of mutation]
 65847 | Zig:1    | Entered Level 1 of a ziggurat
 65867 | Zig:2    | Entered Level 2 of a ziggurat
 65935 | Zig:3    | Entered Level 3 of a ziggurat
 65984 | Zig:4    | Entered Level 4 of a ziggurat
 66027 | Zig:4    | Got an ancient ivory ring
 66030 | Zig:4    | Identified the ring "Joveduf" {rElec rC- MR+ MP+9 Str+6}
                  | (You found it on level 4 of a ziggurat)
 66085 | Zig:5    | Entered Level 5 of a ziggurat
 66106 | Zig:5    | Got a slimy pewter ring
 66109 | Zig:5    | Identified the ring "Xishio" {rElec rF+ rC++ Int+3 Dex+2}
                  | (You found it on level 5 of a ziggurat)
 66170 | Zig:6    | Entered Level 6 of a ziggurat
 66285 | Zig:7    | Entered Level 7 of a ziggurat
 66291 | Zig:7    | Noticed a juggernaut
 66299 | Zig:7    | Killed a juggernaut
 66393 | Zig:7    | Got an ancient cloak
 66396 | Zig:7    | Identified the +2 cloak of the Past {Int+3} (You found it
                  | on level 7 of a ziggurat)
 66410 | Zig:7    | Got a bloodstained rapier
 66411 | Zig:7    | Identified the +5 rapier "Kiezuy" {drain, MR++ Str-5} (You
                  | found it on level 7 of a ziggurat)
 66420 | Zig:8    | Entered Level 8 of a ziggurat
 66431 | Zig:8    | Noticed Pinoogyr the pandemonium lord
 66447 | Zig:8    | Killed Pinoogyr the pandemonium lord
 66647 | Zig:9    | Entered Level 9 of a ziggurat
 66703 | Zig:9    | Identified a +1 pair of boots of running (You found it on
                  | level 9 of a ziggurat)
 66709 | Zig:10   | Entered Level 10 of a ziggurat
 66717 | Zig:10   | Noticed an ancient lich
 66717 | Zig:10   | Noticed an ancient lich
 66725 | Zig:10   | Killed an ancient lich
 66726 | Zig:10   | Killed an ancient lich
 66814 | Zig:11   | Entered Level 11 of a ziggurat
 66835 | Zig:11   | Noticed Kimo Lasch the pandemonium lord
 66836 | Zig:11   | Noticed Gusoot the pandemonium lord
 66838 | Zig:11   | Killed Gusoot the pandemonium lord
 66855 | Zig:11   | Killed Kimo Lasch the pandemonium lord
 66855 | Zig:11   | Reached skill level 22 in Stealth
 67031 | Zig:11   | Identified Pun Jus's Tome of Igneous Companions
 67039 | Zig:11   | Got a pitted hand crossbow
 67040 | Zig:11   | Identified the +9 hand crossbow of Fiaw {elec, Str+4 Int+4}
                  | (You found it on level 11 of a ziggurat)
 67057 | Zig:11   | Got a pair of faintly glowing gloves
 67068 | Zig:11   | Identified the +2 pair of gloves of Parts Unknown {*Drain
                  | rPois Dex+5} (You acquired it on level 11 of a ziggurat)
 67083 | Zig:12   | Entered Level 12 of a ziggurat
 67105 | Zig:12   | Noticed Tigoick the pandemonium lord
 67112 | Zig:12   | Killed Tigoick the pandemonium lord
 67427 | Zig:12   | Got a faintly glowing plate armour
 67428 | Zig:12   | Identified the +6 plate armour of Death's Door {rElec
                  | Regen+ Int-3 Dex-5} (You found it on level 12 of a
                  | ziggurat)
 67440 | Zig:12   | Learned a level 9 spell: Tornado
 67450 | Zig:12   | Got an ancient flail
 67451 | Zig:12   | Identified the +1 flail of Fedhas's Castigation {holy,
                  | Str+4 Dex+6} (You found it on level 12 of a ziggurat)
 67456 | Zig:12   | Got a brightly glowing mace
 67457 | Zig:12   | Identified the +10 mace of Symmetry {flame, +Rage Str+5
                  | Int-3 Dex+2} (You found it on level 12 of a ziggurat)
 67464 | Zig:13   | Entered Level 13 of a ziggurat
 67548 | Zig:13   | Identified the Incunabulum of Congealing Attacks
 67570 | Zig:14   | Entered Level 14 of a ziggurat
 67662 | Zig:15   | Entered Level 15 of a ziggurat
 67760 | Zig:15   | Identified the Volume of Flying Necromancy
 67774 | Zig:15   | Got a warped bone ring
 67775 | Zig:15   | Identified the ring of Siho {+Fly AC+2} (You found it on
                  | level 15 of a ziggurat)
 67787 | Zig:15   | Got a bound lead ring
 67788 | Zig:15   | Identified the ring of Opnots {AC+2 Int+6} (You found it on
                  | level 15 of a ziggurat)
 67807 | Zig:16   | Entered Level 16 of a ziggurat
 67829 | Zig:16   | Found the +8 frozen axe "Frostbite" {freezing cloud, *Noise
                  | +Fly rC+}
 68050 | Zig:17   | Entered Level 17 of a ziggurat
 68078 | Zig:17   | Noticed a greater mummy
 68079 | Zig:17   | Noticed a greater mummy
 68087 | Zig:17   | Killed a greater mummy
 68087 | Zig:17   | Reached skill level 23 in Stealth
 68094 | Zig:17   | Noticed a greater mummy
 68096 | Zig:17   | Killed a greater mummy
 68099 | Zig:17   | Killed a greater mummy
 68443 | Zig:17   | Identified the Tome of Clay and Fire
 68484 | Zig:18   | Entered Level 18 of a ziggurat
 68495 | Zig:18   | Noticed Fiakurcho the pandemonium lord
 68495 | Zig:18   | Noticed Lawnyrha the pandemonium lord
 68495 | Zig:18   | Noticed Meawou Titakk the pandemonium lord
 68495 | Zig:18   | Noticed Rerchemn the pandemonium lord
 68497 | Zig:18   | Noticed Omeunan the pandemonium lord
 68498 | Zig:18   | Noticed Kausom the pandemonium lord
 68498 | Zig:18   | Noticed Xicueten the pandemonium lord
 68498 | Zig:18   | Noticed Kutiur the pandemonium lord
 68502 | Zig:18   | Killed Rerchemn the pandemonium lord
 68509 | Zig:18   | Killed Kausom the pandemonium lord
 68510 | Zig:18   | Killed Lawnyrha the pandemonium lord
 68511 | Zig:18   | Killed Meawou Titakk the pandemonium lord
 68512 | Zig:18   | Killed Fiakurcho the pandemonium lord
 68512 | Zig:18   | Killed Kutiur the pandemonium lord
 68521 | Zig:18   | Killed Omeunan the pandemonium lord
 68523 | Zig:18   | Killed Xicueten the pandemonium lord
 68747 | Zig:18   | Identified the Compendium of the Destructive Entourage
 68752 | Zig:18   | Identified the Tome of Glacial Confrontation
 68755 | Zig:18   | Identified Lifoneb's Grimoire of the Snail
 68799 | Zig:19   | Entered Level 19 of a ziggurat
 69253 | Zig:19   | Found the +10 large shield of Ignorance {rN+ Int-4}
 69257 | Zig:19   | Identified the Almanac of Blows and Bruises and Air
 69304 | Zig:20   | Entered Level 20 of a ziggurat
 69479 | Zig:20   | Found the +8 orange crystal plate armour {Archmagi, Int+3
                  | Clar}
 69480 | Zig:20   | Found the +9 scales of the Dragon King {rPois rF+ rC+ MR+}
 69504 | Zig:20   | Reached skill level 24 in Stealth
 69572 | Zig:21   | Entered Level 21 of a ziggurat
 69736 | Zig:22   | Entered Level 22 of a ziggurat
 69828 | Zig:22   | Got a brightly glowing bronze ring
 69832 | Zig:22   | Identified the ring of Agavan {*Tele Slay+2} (You found it
                  | on level 22 of a ziggurat)
 69861 | Zig:22   | Identified the Guide on Transformation and Beguiling
 69886 | Zig:23   | Entered Level 23 of a ziggurat
 69925 | Zig:23   | Reached skill level 25 in Stealth
 70104 | Zig:23   | Got a bound ivory ring
 70109 | Zig:23   | Identified the ring of Viblafof {rF+ rN+ Int+4} (You found
                  | it on level 23 of a ziggurat)
 70213 | Zig:23   | Learned a level 8 spell: Controlled Blink
 70264 | Zig:24   | Entered Level 24 of a ziggurat
 70275 | Zig:24   | Noticed a greater mummy
 70276 | Zig:24   | Noticed a greater mummy
 70281 | Zig:24   | Noticed a greater mummy
 70281 | Zig:24   | Noticed a greater mummy
 70282 | Zig:24   | Noticed a greater mummy
 70283 | Zig:24   | Noticed a greater mummy
 70283 | Zig:24   | Noticed a greater mummy
 70285 | Zig:24   | HP: 15/301 [emperor scorpion[a greater mummy] (2)]
 70285 | Zig:24   | HP: 5/301 [mummy priest/divine providence (10)]
 70289 | Zig:24   | Killed a greater mummy
 70291 | Zig:24   | Noticed a greater mummy
 70353 | Zig:24   | Killed a greater mummy
 70356 | Zig:24   | Killed a greater mummy
 70356 | Zig:24   | Killed a greater mummy
 70356 | Zig:24   | Killed a greater mummy
 70360 | Zig:24   | Killed a greater mummy
 70391 | Zig:24   | Killed a greater mummy
 70638 | Zig:24   | Killed a greater mummy
 70772 | Zig:24   | Found the +8 longbow "Zephyr" {speed, Dex+3 SInv}
 70788 | Zig:24   | Identified Vyhian's Catalogue of Necromancy and the Blaze
 70852 | Zig:25   | Entered Level 25 of a ziggurat
 70858 | Zig:25   | Noticed Ipnuneon the pandemonium lord
 70864 | Zig:25   | Noticed Gupoc the pandemonium lord
 70869 | Zig:25   | Noticed Zepp the pandemonium lord
 70874 | Zig:25   | Noticed Diska the pandemonium lord
 70874 | Zig:25   | Noticed Ijiag the pandemonium lord
 70874 | Zig:25   | Noticed Gyse the pandemonium lord
 70875 | Zig:25   | Found the +11 plutonium sword {*Contam Stlth-}
 70875 | Zig:25   | Noticed Xagroify the pandemonium lord
 70875 | Zig:25   | Noticed Ilabet the pandemonium lord
 70875 | Zig:25   | Noticed Boivet the pandemonium lord
 70876 | Zig:25   | Noticed Ubrol the pandemonium lord
 70876 | Zig:25   | Killed Xagroify the pandemonium lord
 70876 | Zig:25   | Noticed Lutaw the pandemonium lord
 70876 | Zig:25   | Noticed Miaggeja the pandemonium lord
 70876 | Zig:25   | Noticed Vithruod the pandemonium lord
 70880 | Zig:25   | Noticed Paniggaf the pandemonium lord
 70881 | Zig:25   | Noticed Okoeh the pandemonium lord
 70882 | Zig:25   | Noticed Pukkull the pandemonium lord
 70892 | Zig:25   | Killed Ilabet the pandemonium lord
 70892 | Zig:25   | Noticed Ocwuxt the pandemonium lord
 70894 | Zig:25   | Slain by Diska the pandemonium lord

Vault maps used:
D:1:      ncdulo_halloftheorcs
D:2:      lemuel_upstairs_altar, lemuel_doored_altar, first_ration,
          minmay_lizard_king
D:3:      chequers_temple_overflow_statue_of_worship,
          amethyst_overflow_temple_binary, okawaru_trees_1
D:4:      kennysheep_spiral_hall, kennysheep_little_box, ashenzari_altar_1,
          gammafunk_temple_overflow_elements, serial_glass, glass_columns_c,
          glass_columns_a, feat_on_display, due_unseen_surprise,
          kennysheep_slug_shrine
D:5:      lemuel_round_altar, temple_hall, serial_shops, shop,
          eino_tiny_chamber, uniq_crazy_yiuf_cottage, uniq_blork_the_orc
D:6:      overflow_temple_1_default, vehumet_statue, gup_sewer_entry_bowl
D:7:      old_standard_altar, enter_bailey_2, grunt_livestock
D:8:      zin_statuary, lair_entry_dummy, serial_shops,
          nicolae_shop_behind_doors, special_room
D:9:      kennysheep_mini, gammafunk_ghost_hydra_chop
D:10:     minmay_coctagon, uniq_joseph
D:11:     kennysheep_orc_monster_closet_entryway, serial_shops,
          nicolae_shop_statue_plus, uniq_fannar
D:12:     uniq_nergalle
D:13:     david_vaults_2, makhleb_altar_promises_db
D:14:     gammafunk_ghost_mausoleum
D:15:     gammafunk_depths_entry_grave, minivault_4, hangedman_weighted_door,
          uniq_rupert
Lair:1:   minivault_11, hibernation_bobbens, serial_bayou_shore_a
Lair:2:   portal_ice_cave_entry_pillars_1, uniq_gastronok
Lair:3:   elwin_shoals_entry_rooms, uniq_urug
Lair:4:   minmay_snake_entry_six_corridors, grunt_megastairs_1,
          serial_bayou_shore_b, serial_bayou_shore_b, uniq_sonja, uniq_kirke
Lair:5:   cheibrodos_lair_overgrown_chateau, minmay_slime_entry_jelly_boxes,
          lab_entry_generic, serial_bayou_shore_b, uniq_snorg
Lair:6:   gammafunk_lair_ancient_temple, ebering_ghost_reflecting_pool
Shoals:1: cheibrodos_shoals_three_sisters
Shoals:2: ldierk_geyser, nicolae_shoals_arrival_archipelago
Shoals:4: shoals_end_grunt_garden
Snake:2:  gammafunk_its_a_trap, basic_altar, serial_bayou_shore_b
Snake:3:  grunt_ministairs_5, uniq_saint_roka, uniq_vashnia
Snake:4:  johnstein_snake_rune_scales, serial_bayou_shore_b,
          serial_bayou_shore_b
Orc:1:    serial_shops, shop, roderic_batcave, bloody_trog
Orc:2:    st_orc_town, gammafunk_ghost_necromancy, serial_shops, shop_statue,
          nicolae_shop_crystal
Elf:1:    portal_desolation_entry_twin_temple, minmay_elf_demonology,
          minivault_15, uniq_roxanne, uniq_donald
Elf:2:    basic_altar, roderic_lattice_octagonal_star
Elf:3:    elf_hall, uniq_louise
Vaults:1: hangedman_vaults_snaps, nicolae_vaults_yaktaur_gun_rack, v_pattern_5,
          ontoclasm_vaults_twist, hangedman_vaults_stream,
          vaults_room_large_hall, nicolae_vaults_little_squares_4,
          st_quartered_hall, ontoclasm_vaults_idyll, grunt_vaults_hallway_long,
          vaults_dpeg_ring, vaults_room_door_ring, serial_shops,
          nicolae_shop_behind_doors
Vaults:2: dpeg_vaults_monster_box, nicolae_vaults_little_squares_1,
          vaults_dpeg_spiral, v_rooms_2, grunt_vaults_hallway_short,
          nicolae_vaults_bisected_exclaves, vaults_mumra_lcd, vaults_room_fours,
          vaults_room_door_ring, basic_altar
Vaults:3: nicolae_vaults_hallways_thing, minmay_crypt_entry_simple_corners,
          hangedman_vaults_variations, nicolae_vaults_quadrants,
          vaults_standard_mumra_enter_the_diamond,
          ontoclasm_vaults_decontamination, v_pattern_3, grunt_vaults_trifunnel,
          vaults_mumra_hexcomb, v_misc_29, ontoclasm_vaults_gateway,
          vaults_room_large_hall, v_misc_8, v_misc_8, serial_shops,
          nicolae_shop_waterfront, uniq_jory, uniq_nikola
Vaults:4: biasface_vaults_ghost_orc_armoury, ontoclasm_vaults_ring_square,
          nicolae_vaults_gold_heap, v_misc_18, nicolae_vaults_big_ls,
          nicolae_vaults_puzzle_piece, nicolae_vaults_little_ls,
          hangedman_vaults_maws, hangedman_vaults_restitches,
          nicolae_vaults_statue_guard, ontoclasm_vaults_loading_screen,
          serial_shops, shop
Vaults:5: serial_shops
Crypt:1:  minmay_shadows, serial_glass, glass_columns_a, glass_columns_b
Crypt:2:  minmay_skeleton_keep, basic_altar
Crypt:3:  quadcrypt_mu
Depths:1: serial_shops, bzr_entry_road, shop, minmay_misc_feat_five,
          ebering_ghost_inner_flame, pf_hell_entry_great_geh, abyss_entry,
          lightli_gold_pyramid
Depths:2: little_maze_vault, pf_coc_iceberg, abyss_entry,
          minmay_misc_feat_rugged, infiniplex_staircase_pool_1
Depths:3: hangedman_spin_cycle, abyss_entry, pan_entry, hell_entry
Depths:4: minmay_the_grid_triangle_9x9_recursive_2, minmay_misc_feat_ornament,
          abyss_entry_flame_altar, pf_hell_entry_tar_river, minmay_shop_grove,
          basic_stair_grate_trap, uniq_mennas, uniq_sojobo
Depths:5: grunt_zot_entry_hairpin, enter_ziggurat_e, abyss_entry, hell_entry,
          grunt_decor_arrowhead
Pan:      rand_demon_7, mnoleg_st, nicolae_pan_mnolegish_4,
          evilmike_mini_pan_doors, grunt_pan_sceptre, nicolae_pan_mnolegish_5,
          nicolae_pan_sigil_uleosi, evilmike_mini_pan_other_thingy,
          pan_blood_fountain_small, evilmike_mini_pan_V, gloorx_vloq_grunt,
          pan_blood_fountain, nicolae_pan_gloorx_vloqian_4,
          evilmike_mini_pan_doors_b, pan_blood_fountain,
          nicolae_pan_door_chamber, evilmike_mini_pan_possible_glass,
          pan_blood_fountain_2
Zig:7:    ziggurat_pillar_centre_c
Zig:13:   ziggurat_pillar_centre_smoke
Zig:17:   ziggurat_pillar_centre_drop
Zig:20:   ziggurat_pillar_centre_dead_trees
Lab:      nicolae_lab_t_cross, nicolae_lab_x, labyrinth_glass_1
Bazaar:   bazaar_minmay_generic_d
Sewer:    sewer_co_scattered_pipes
Bailey:   bailey_axe_4, bailey

Skill      XL: |  1  2  3  4  5  6  7  8  9 10 11 12 13 14 15 16 17 18 19 20 21 22 23 24 25 26 27 |
---------------+----------------------------------------------------------------------------------+-----
Invocations    | 1 2 3 4 5 6 7 8 9 10 11 12 13 14 15 16 17 18 23 | 23.5
Short Blades   | 1 2 3 4 5 6 7 8 9 10 11 12 13 14 15 16 17 22 | 22.3
Long Blades    | 1 2 3 4 5 6 7 8 9 10 11 12 13 14 15 16 17 22 | 22.0
Maces & Flails | 1 2 3 4 5 6 7 8 9 10 11 12 13 14 15 16 17 22 | 22.0
Polearms       | 1 2 3 4 5 6 7 8 9 10 11 12 13 14 15 16 17 22 | 22.0
Staves         | 1 2 3 4 5 6 7 8 9 10 11 12 13 14 15 16 17 22 | 22.0
Slings         | 1 2 3 4 5 6 7 8 9 10 11 12 13 14 15 16 17 22 | 22.0
Bows           | 1 2 3 4 5 6 7 8 9 10 11 12 13 14 15 16 17 22 | 22.0
Crossbows      | 1 2 3 4 5 6 7 8 9 10 11 12 13 14 15 16 17 22 | 22.3
Throwing       | 1 2 3 4 5 6 7 8 9 10 11 12 13 14 15 16 17 22 | 22.0
Dodging        | 1 2 3 4 5 6 7 8 9 10 11 12 13 14 15 16 17 22 | 22.0
Stealth        | 1 2 3 4 5 6 7 8 9 10 11 12 13 14 15 16 17 25 | 25.6
Unarmed Combat | 1 2 3 4 5 6 7 8 9 10 11 12 13 14 15 16 17 22 | 22.0
Spellcasting   | 1 2 3 4 5 6 7 8 9 10 11 12 13 14 15 16 17 22 | 22.0
Evocations     | 1 2 3 4 5 6 7 8 9 10 11 12 13 14 15 16 17 22 | 22.0
Conjurations   | 1 2 3 4 5 6 7 8 9 10 11 12 13 14 19 | 19.1
Hexes          | 1 2 3 4 5 6 7 8 9 10 11 12 13 14 19 | 19.1
Charms         | 1 2 3 4 5 6 7 8 9 10 11 12 13 14 19 | 19.1
Summonings     | 1 2 3 4 5 6 7 8 9 10 11 12 13 14 19 | 19.1
Necromancy     | 1 2 3 4 5 6 7 8 9 10 11 12 13 14 19 | 19.1
Translocations | 1 2 3 4 5 6 7 8 9 10 11 12 13 14 19 | 19.1
Transmutations | 1 2 3 4 5 6 7 8 9 10 11 12 13 14 19 | 19.1
Fire Magic     | 1 2 3 4 5 6 7 8 9 10 11 12 13 14 19 | 19.1
Ice Magic      | 1 2 3 4 5 6 7 8 9 10 11 12 13 14 19 | 19.1
Air Magic      | 1 2 3 4 5 6 7 8 9 10 11 12 13 14 19 | 19.1
Earth Magic    | 1 2 3 4 5 6 7 8 9 10 11 12 13 14 19 | 19.1
Poison Magic   | 1 2 3 4 5 6 7 8 9 10 11 12 13 14 19 | 19.1
Axes           | 5 6 7 8 9 10 11 12 13 14 15 16 17 22 | 22.2
Fighting       | 7 8 9 10 11 12 13 14 15 16 17 22 | 22.5
Armour         | 7 8 9 10 11 12 13 14 15 16 17 22 | 22.5
Shields        | 7 8 9 10 11 12 13 14 15 16 17 22 | 22.5

Action                   |  1- 3 |  4- 6 |  7- 9 | 10-12 | 13-15 | 16-18 | 19-21 | 22-24 | 25-27 || total
-------------------------+-------+-------+-------+-------+-------+-------+-------+-------+-------++-------
Melee: War axe           |    97 |   133 |    74 |       |       |       |       |       |       ||   304
       Bite              |     8 |    20 |   103 |    93 |   319 |   262 |   176 |   202 |   554 ||  1737
       Dagger            |       |       |   389 |       |       |       |       |       |       ||   389
       Hand axe          |       |       |    35 |   390 |  1190 |   546 |       |       |       ||  2161
       Broad axe         |       |       |       |       |       |   637 |   896 |   808 |  2519 ||  4860
       Kick              |       |       |       |       |       |       |       |       |   217 ||   217
       Staff             |       |       |       |       |       |       |       |       |   110 ||   110
Throw: Tomahawk          |       |       |     3 |       |    24 |       |       |       |     2 ||    29
 Cast: Mephitic Cloud    |       |       |       |       |     2 |     1 |     1 |       |       ||     4
       Regeneration      |       |       |       |       |       |    50 |    39 |    21 |    74 ||   184
       Statue Form       |       |       |       |       |       |     4 |    69 |    57 |   228 ||   358
       Borgnjor's Vile C |       |       |       |       |       |       |       |    12 |     9 ||    21
       Aura of Abjuratio |       |       |       |       |       |       |       |     2 |    24 ||    26
       Deflect Missiles  |       |       |       |       |       |       |       |       |    12 ||    12
       Ring of Flames    |       |       |       |       |       |       |       |       |    12 ||    12
       Malign Gateway    |       |       |       |       |       |       |       |       |     9 ||     9
       Ignition          |       |       |       |       |       |       |       |       |    67 ||    67
       Glaciate          |       |       |       |       |       |       |       |       |    24 ||    24
       Tornado           |       |       |       |       |       |       |       |       |    16 ||    16
Invok: Slouch            |       |       |     1 |       |     1 |     1 |       |       |     1 ||     4
       Step From Time    |       |       |       |       |       |     1 |       |     1 |     6 ||     8
 Abil: Evoke Flight      |       |       |     1 |       |       |       |       |       |       ||     1
       End Transformatio |       |       |       |       |       |       |       |       |     1 ||     1
Evoke: Wand              |       |       |       |     8 |    17 |     3 |       |       |     7 ||    35
  Use: Scroll            |       |     4 |     4 |    14 |    12 |     8 |     5 |    17 |    89 ||   153
       Potion            |       |       |       |       |     2 |     2 |       |     1 |    78 ||    83
 Stab: Sleeping          |       |       |     5 |    19 |    21 |     2 |    19 |    29 |    34 ||   129
       Distracted        |       |       |     2 |     2 |     1 |     1 |     1 |     2 |    23 ||    32
       Paralysed         |       |       |       |    20 |     3 |       |       |       |     2 ||    25
       Petrified         |       |       |       |     2 |       |       |       |       |     4 ||     6
       Confused          |       |       |       |       |     2 |       |     1 |       |       ||     3
       Invisible         |       |       |       |       |       |     3 |       |       |       ||     3
       Held in net/web   |       |       |       |       |       |       |     2 |       |       ||     2
       Petrifying        |       |       |       |       |       |       |       |       |     2 ||     2
  Eat: Chunk             |       |     6 |     7 |     8 |     8 |    10 |    15 |    13 |     2 ||    69
       Ration            |       |       |       |     1 |     4 |     3 |     3 |     2 |    17 ||    30
Armor: Scale mail        |    50 |    46 |   142 |    83 |   172 |    48 |    33 |    53 |    20 ||   647
       Plate armour      |       |       |       |       |    87 |   275 |       |       |       ||   362
       Skin              |       |       |       |       |       |    62 |   385 |   285 |   961 ||  1693
       Gold dragon scale |       |       |       |       |       |       |       |       |    73 ||    73
       Crystal plate arm |       |       |       |       |       |       |       |       |     1 ||     1
Dodge: Dodged            |    24 |    52 |   167 |   134 |   662 |   846 |  1382 |   944 |  3740 ||  7951
       Deflected         |       |       |       |       |       |       |       |       |   136 ||   136
Block: Shield            |    59 |    99 |   325 |   337 |  1176 |  1494 |  1659 |  1103 |  1948 ||  8200
       Large shield      |       |       |       |       |       |       |       |       |  3159 ||  3159

Table legend:
 A = Non-vault XP
 B = Vault XP
 C = Vault XP percentage of total XP
 D = Non-vault monster count
 E = Vault monster count
 F = Vault count percentage of total count
                 A         B        C        D         E       F
            +---------+---------+-------+---------+---------+-------
      Total | 1813845 | 1003977 |  35.6 |    2532 |    1285 |  33.7
            +---------+---------+-------+---------+---------+-------
        D:1 |      49 |       0 |   0.0 |      31 |       0 |   0.0
        D:2 |     124 |       5 |   3.9 |      31 |       3 |   8.8
        D:3 |     178 |       0 |   0.0 |      16 |       0 |   0.0
        D:4 |     470 |     122 |  20.6 |      26 |       3 |  10.3
        D:5 |     767 |     137 |  15.2 |      29 |       2 |   6.5
        D:6 |     864 |      17 |   1.9 |      25 |       3 |  10.7
        D:7 |    1177 |     965 |  45.1 |      33 |       5 |  13.2
        D:8 |    1581 |     629 |  28.5 |      19 |      27 |  58.7
        D:9 |    1856 |     815 |  30.5 |      27 |       1 |   3.6
       D:10 |    3464 |    3145 |  47.6 |      28 |       7 |  20.0
       D:11 |    2316 |    2437 |  51.3 |      23 |      21 |  47.7
       D:12 |    4993 |     820 |  14.1 |      22 |       1 |   4.3
       D:13 |    5024 |    2686 |  34.8 |      23 |       3 |  11.5
       D:14 |    8141 |       0 |   0.0 |      25 |       0 |   0.0
       D:15 |    9846 |    9915 |  50.2 |      18 |      14 |  43.8
     Lair:1 |    3765 |     361 |   8.7 |      20 |       1 |   4.8
     Lair:2 |    2727 |    2255 |  45.3 |      11 |       1 |   8.3
     Lair:3 |    5109 |     827 |  13.9 |      17 |       1 |   5.6
     Lair:4 |    3307 |    4597 |  58.2 |      13 |      19 |  59.4
     Lair:5 |    8211 |    6552 |  44.4 |      20 |      29 |  59.2
     Lair:6 |   13432 |   12322 |  47.8 |      39 |      30 |  43.5
   Shoals:1 |   14338 |    7356 |  33.9 |      28 |      10 |  26.3
   Shoals:2 |   10322 |       0 |   0.0 |      22 |       0 |   0.0
   Shoals:3 |   27569 |       0 |   0.0 |      52 |       0 |   0.0
   Shoals:4 |   34205 |   18837 |  35.5 |      66 |      28 |  29.8
    Snake:1 |   19927 |       0 |   0.0 |      36 |       0 |   0.0
    Snake:2 |   21316 |    5433 |  20.3 |      36 |       7 |  16.3
    Snake:3 |   23981 |   16207 |  40.3 |      45 |      26 |  36.6
    Snake:4 |   23583 |   38251 |  61.9 |      48 |      65 |  57.5
      Orc:1 |    3340 |      62 |   1.8 |      40 |      12 |  23.1
      Orc:2 |    1287 |    5321 |  80.5 |       9 |      50 |  84.7
      Elf:1 |   17593 |   11578 |  39.7 |      35 |      13 |  27.1
      Elf:2 |   17572 |   25082 |  58.8 |      32 |      30 |  48.4
      Elf:3 |   14695 |   43257 |  74.6 |      27 |      34 |  55.7
   Vaults:1 |   34740 |   24627 |  41.5 |      58 |      35 |  37.6
   Vaults:2 |   23434 |    8296 |  26.1 |      44 |      13 |  22.8
   Vaults:3 |   29251 |   46551 |  61.4 |      48 |      56 |  53.8
   Vaults:4 |   32804 |   37391 |  53.3 |      50 |      47 |  48.5
   Vaults:5 |   30669 |  115414 |  79.0 |      49 |      77 |  61.1
    Crypt:1 |   26927 |    8861 |  24.8 |      38 |      22 |  36.7
    Crypt:2 |   20075 |   26735 |  57.1 |      32 |      52 |  61.9
    Crypt:3 |       0 |   70734 | 100.0 |       0 |      80 | 100.0
   Depths:1 |   41820 |   21538 |  34.0 |      54 |      15 |  21.7
   Depths:2 |   30053 |     117 |   0.4 |      38 |       1 |   2.6
   Depths:3 |       0 |   91188 | 100.0 |       0 |      90 | 100.0
   Depths:4 |   45935 |   41167 |  47.3 |      32 |      23 |  41.8
   Depths:5 |   40439 |   23871 |  37.1 |      36 |      15 |  29.4
       Hell |   29799 |   30762 |  50.8 |      38 |      49 |  56.3
    Abyss:3 |   16997 |     954 |   5.3 |      38 |       3 |   7.3
        Pan |  259790 |  186626 |  41.8 |     323 |     132 |  29.0
      Zig:1 |     356 |       0 |   0.0 |       2 |       0 |   0.0
      Zig:2 |    1682 |       0 |   0.0 |       4 |       0 |   0.0
      Zig:3 |    3410 |       0 |   0.0 |       4 |       0 |   0.0
      Zig:4 |    5586 |       0 |   0.0 |       6 |       0 |   0.0
      Zig:5 |    7799 |       0 |   0.0 |       6 |       0 |   0.0
      Zig:6 |    6399 |     737 |  10.3 |      10 |       1 |   9.1
      Zig:7 |   10931 |       0 |   0.0 |      19 |       0 |   0.0
      Zig:8 |   16260 |       0 |   0.0 |      10 |       0 |   0.0
      Zig:9 |   14954 |       0 |   0.0 |      17 |       0 |   0.0
     Zig:10 |   31840 |       0 |   0.0 |      12 |       0 |   0.0
     Zig:11 |   51306 |       0 |   0.0 |      11 |       0 |   0.0
     Zig:12 |   25523 |       0 |   0.0 |      20 |       0 |   0.0
     Zig:13 |   25149 |       0 |   0.0 |      26 |       0 |   0.0
     Zig:14 |   26753 |      31 |   0.1 |      34 |       1 |   2.9
     Zig:15 |   36915 |       0 |   0.0 |      28 |       0 |   0.0
     Zig:16 |   28810 |       0 |   0.0 |      40 |       0 |   0.0
     Zig:17 |   43506 |    3060 |   6.6 |      61 |       4 |   6.2
     Zig:18 |   84111 |       0 |   0.0 |      30 |       0 |   0.0
     Zig:19 |   58465 |       0 |   0.0 |      34 |       0 |   0.0
     Zig:20 |   56172 |       0 |   0.0 |      37 |       0 |   0.0
     Zig:21 |   48609 |       0 |   0.0 |      51 |       0 |   0.0
     Zig:22 |   65889 |       0 |   0.0 |      44 |       0 |   0.0
     Zig:23 |   81293 |       0 |   0.0 |      67 |       0 |   0.0
     Zig:24 |   83809 |       0 |   0.0 |      96 |       0 |   0.0
     Zig:25 |   27272 |       0 |   0.0 |      12 |       0 |   0.0
        Lab |    1184 |       0 |   0.0 |       1 |       0 |   0.0
      Sewer |       0 |      60 | 100.0 |       0 |      23 | 100.0
     Bailey |       0 |    1546 | 100.0 |       0 |      25 | 100.0
 Desolation |       0 |   43720 | 100.0 |       0 |      75 | 100.0
            +---------+---------+-------+---------+---------+-------
